 Dungeon Crawl Stone Soup version 0.32-a0-172-gc5dd13f2a7 (webtiles) character file.

Game seed: 10342600008970739871

2875771 zeratav the Conqueror (level 27, 290/290 HPs)
             Began as an Oni Warper on Feb 11, 2024.
             Was the Champion of the Shining One.
             Escaped with the Orb
             ... and 5 runes on Feb 13, 2024!
             The game lasted 05:13:28 (81868 turns).

zeratav the Conqueror (Oni Warper)                 Turns: 81868, Time: 05:13:29

Health: 290/290    AC: 37    Str: 46    XL:     27
Magic:  42/42      EV:  9    Int: 22    God:    the Shining One [******]
Gold:   9825       SH:  0    Dex: 10    Spells: 36/46 levels left

rFire   + + +        i - +9 giant spiked club (holy) {mace}
rCold   + + +        (shield currently unavailable)
rNeg    + + +        K - +11 gold dragon scales {rare}
rPois   +            w - +3 hat of Defiance {MP+9 Str+4}
rElec   .            f - scarf "Xirgha" {harm, Rampage rF++ rC- Str+3}
rCorr   +            (gloves unavailable)
SInv    +            (boots unavailable)
Will    +++..        E - amulet of magic regeneration Stlth
                     S - ring of Ocifir {rF+ rC+ Int+2 Dex+2 SInv}
HPRegen 0.68/turn    x - ring "Kueth" {rPois rC+ rCorr Str+6 Int+6}
MPRegen 0.68/turn

%: harm (+30% outgoing, +20% incoming), rampage
@: glowing
A: large, unfitting armour, horns 1, tough skin 1, double potion healing,
drunken brawling, cold resistance 1, frail 1, low MP 1, strong-willed 1,
inability to drink after injury 1
0: Orb of Zot
}: 5/15 runes: decaying, slimy, silver, abyssal, gossamer
a: Renounce Religion, Divine Shield, Cleansing Flame, Summon Divine Warrior


You escaped.
You worshipped the Shining One.
The Shining One was exalted by your worship.
You visited 12 branches of the dungeon, and saw 56 of its levels.
You visited the Abyss 1 time.
You also visited: Ice Cave and Volcano.

You collected 10964 gold pieces.
You spent 1139 gold pieces at shops.


Innate Abilities, Weirdness & Mutations

You are too large for most types of armour.
You have a pair of small horns on your head.
You have tough skin. (AC +1)
You gain doubled healing and magic from potions.
Whenever you drink a healing potion, you attack all around you.
Your flesh is cold resistant. (rC+)
You are frail. (-10% HP)
Your magical capacity is low. (-10% MP)
You are strong-willed. (Will+)
You occasionally lose the ability to drink potions when taking damage.


   Skills:
 O Level 27 Fighting
 + Level 24.0 Maces & Flails
 - Level 2.0 Polearms
 - Level 20.0 Throwing
 - Level 20.0 Armour
 - Level 10.0 Dodging
 - Level 10.0 Spellcasting
 + Level 21.7 Translocations
 - Level 12.0 Invocations
 + Level 14.1 Evocations


You had 36 spell levels left.
You knew the following spells:

 Your Spells              Type           Power      Damage    Failure   Level
a - Blink                 Tloc           100%       N/A       0%          2
b - Manifold Assault      Tloc           82%        N/A       1%          4
c - Teleport Other        Tloc           82%        N/A       0%          3
d - Apportation           Tloc           100%       N/A       0%          1

Your spell library contained the following spells:

 Spells                   Type           Power      Damage    Failure   Level
 Lesser Beckoning         Tloc           100%       N/A       0%          2
 Gell's Gravitas          Tloc           82%        N/A       0%          3
 Volatile Blastmotes      Fire/Tloc      100%       2d18      1%          3
 Passage of Golubria      Tloc           82%        N/A       1%          4
 Dispersal                Tloc           41%        N/A       1%          6
 Dimensional Bullseye     Hex/Tloc       28%        N/A       3%          4
 Vhi's Electric Charge    Tloc/Air       100%       N/A       3%          4
 Summon Forest            Summ/Tloc      28%        N/A       9%          5
 Disjunction              Tloc           41%        N/A       24%         8
 Foxfire                  Conj/Fire      44%        2x1d6     28%         1
 Freeze                   Ice            44%        1d6       28%         1
 Kiss of Death            Conj/Necr      44%        2d8       28%         1
 Magic Dart               Conj           44%        1d5       28%         1
 Sandblast                Erth           22%        2d7       28%         1
 Shock                    Conj/Air       44%        1d5       28%         1
 Slow                     Hex            44%        N/A       28%         1
 Sting                    Conj/Alch      44%        1d5       28%         1
 Call Imp                 Summ           22%        N/A       38%         2
 Cigotuvi's Dreadful Rot  Necr/Alch/Air  22%        N/A       38%         2
 Ensorcelled Hibernation  Hex/Ice        22%        N/A       38%         2
 Jinxbite                 Hex            22%        N/A       38%         2
 Mercury Vapours          Alch/Air       22%        N/A       38%         2
 Scorch                   Fire           22%        2d5       38%         2
 Searing Ray              Conj           22%        2d5       38%         2
 Static Discharge         Conj/Air       22%        3-4/arc   38%         2
 Sublimation of Blood     Necr           11%        N/A       38%         2
 Call Canine Familiar     Summ           11%        N/A       63%         3
 Confusing Touch          Hex            11%        N/A       63%         3
 Dazzling Flash           Conj/Hex       22%        N/A       63%         3
 Fugue of the Fallen      Necr           11%        N/A       63%         3
 Hailstorm                Conj/Ice       11%        3d6       63%         3
 Mephitic Cloud           Conj/Alch/Air  11%        N/A       63%         3
 Ozocubu's Armour         Ice            11%        N/A       63%         3
 Passwall                 Erth           11%        N/A       63%         3
 Sigil of Binding         Hex            11%        N/A       63%         3
 Stone Arrow              Conj/Erth      22%        3d8       63%         3
 Summon Ice Beast         Ice/Summ       11%        N/A       63%         3
 Swiftness                Air            11%        N/A       63%         3
 Vampiric Draining        Necr           11%        2d6       63%         3
 Airstrike                Air            5%         2d(1-17)  95%         4
 Animate Armour           Summ/Erth      22%        N/A       95%         4
 Animate Dead             Necr           11%        N/A       95%         4
 Brom's Barrelling Bould  Conj/Erth      11%        2d3       95%         4
 Cause Fear               Hex            5%         N/A       95%         4
 Dispel Undead            Necr           11%        3d9       95%         4
 Flame Wave               Conj/Fire      11%        2d6       95%         4
 Fulminant Prism          Conj/Alch      5%         3d6       95%         4
 Ignite Poison            Fire/Alch      11%        N/A       95%         4
 Martyr's Knell           Necr/Summ      11%        N/A       95%         4
 Olgreb's Toxic Radiance  Alch           11%        N/A       95%         4
 Petrify                  Alch/Erth      11%        N/A       95%         4
 Sticky Flame             Fire/Alch      11%        2d5       95%         4
 Summon Blazeheart Golem  Fire/Summ      11%        N/A       95%         4
 Summon Lightning Spire   Summ/Air       11%        N/A       95%         4
 Malign Gateway           Summ/Tloc      28%        N/A       95%         7
 Alistair's Intoxication  Alch           7%         N/A       100%        5
 Arcjolt                  Conj/Air       5%         1d15      100%        5
 Borgnjor's Vile Clutch   Necr/Erth      5%         N/A       100%        5
 Fireball                 Conj/Fire      5%         3d5       100%        5
 Freezing Cloud           Conj/Ice/Air   5%         6-21      100%        5
 Irradiate                Conj/Alch      5%         3d13      100%        5
 Iskenderun's Battlesphe  Conj           11%        2d7       100%        5
 Lee's Rapid Deconstruct  Erth           5%         3d6*      100%        5
 Silence                  Hex/Air        5%         N/A       100%        5
 Summon Mana Viper        Hex/Summ       11%        N/A       100%        5
 Bombard                  Conj/Erth      5%         9d2       100%        6
 Conjure Ball Lightning   Conj/Air       5%         3x3d6     100%        6
 Death Channel            Necr           5%         N/A       100%        6
 Eringya's Noxious Bog    Alch           5%         4d6       100%        6
 Plasma Beam              Fire/Air       5%         2x1d16    100%        6
 Sculpt Simulacrum        Ice/Alch       5%         N/A       100%        6
 Starburst                Conj/Fire      5%         6d4       100%        6
 Summon Cactus Giant      Summ           5%         N/A       100%        6
 Haunt                    Necr/Summ      5%         N/A       100%        7
 Monstrous Menagerie      Summ           5%         N/A       100%        7
 Orb of Destruction       Conj           5%         9d5       100%        7
 Ozocubu's Refrigeration  Ice            5%         4d8       100%        7
 Spellforged Servitor     Conj/Summ      5%         N/A       100%        7
 Summon Hydra             Summ           5%         N/A       100%        7
 Borgnjor's Revivificati  Necr           5%         N/A       100%        8
 Discord                  Hex            5%         N/A       100%        8
 Ignition                 Fire           5%         3d4       100%        8
 Infestation              Necr           5%         N/A       100%        8
 Lehudib's Crystal Spear  Conj/Erth      5%         10d3      100%        8
 Maxwell's Capacitive Co  Air            5%         ∞         100%        8
 Summon Horrible Things   Summ           5%         N/A       100%        8
 Chain Lightning          Conj/Air       5%         3d7       100%        9
 Death's Door             Necr           5%         N/A       100%        9
 Dragon's Call            Summ           5%         N/A       100%        9
 Fire Storm               Conj/Fire      5%         8d2       100%        9
 Polar Vortex             Ice            5%         N/A       100%        9
 Shatter                  Erth           5%         3d8*      100%        9

Inventory:

Hand Weapons
 i - a +9 giant spiked club of holy wrath (weapon) {mace}
   (You took it off a two-headed ogre on level 10 of the Dungeon)
 I - a +9 giant spiked club of flaming {mace}
   (You took it off an ogre on level 13 of the Dungeon)
Missiles
 d - 22 darts of dispersal {=fthrowing}
 m - 32 curare-tipped darts {=fthrowing}
 D - 18 atropa-tipped darts {throwing}
 G - 11 javelins {throwing}
 J - 91 large rocks {=fthrowing}
 L - 4 silver javelins {throwing}
Armour
 f - the scarf "Xirgha" (worn) {harm, Rampage rF++ rC- Str+3}
   (You acquired it on level 14 of the Dungeon)

   Str+3:     It affects your strength (+3).
   rF++:      It greatly protects you from fire.
   rC-:       It makes you vulnerable to cold.
   Rampage:   It bestows one free step when moving towards enemies.
 w - the +3 hat of Defiance (worn) {MP+9 Str+4}
   (You found it on level 5 of the Lair of Beasts)

   Str+4:     It affects your strength (+4).
   MP+9:      It affects your magic capacity (+9).
 K - +11 gold dragon scales (worn) {rare}
   (You found it on level 5 of the Vaults)
Jewellery
 x - the ring "Kueth" (right hand) {rPois rC+ rCorr Str+6 Int+6}
   (You acquired it on level 3 of the Vaults)

   [ring of intelligence]

   Str+6:     It affects your strength (+6).
   Int+6:     It affects your intelligence (+6).
   rC+:       It protects you from cold.
   rPois:     It protects you from poison rCorr: It protects you from acid and
   corrosion.
 B - the amulet "Owapubos" {Reflect Dex+2 SH+5}
   (You found it on level 4 of the Realm of Zot)

   [amulet of reflection]

   Reflect:   It reflects blocked missile attacks.
   Dex+2:     It affects your dexterity (+2).
   SH+5:      It affects your SH (+5).
 E - an amulet of magic regeneration (around neck)
   (You found it on level 7 of the Dungeon)
 S - the ring of Ocifir (left hand) {rF+ rC+ Int+2 Dex+2 SInv}
   (You found it on level 1 of the Crypt)

   [ring of see invisible]

   Int+2:     It affects your intelligence (+2).
   Dex+2:     It affects your dexterity (+2).
   rF+:       It protects you from fire.
   rC+:       It protects you from cold.
   SInv:      It lets you see invisible.
 V - the ring "Viag" {Will+ AC+4 Stlth+}
   (You found it on level 4 of the Swamp)

   [ring of protection]

   AC+4:      It affects your AC (+4).
   Will+:     It increases your willpower.
   Stlth+:    It makes you more stealthy.
 W - the ring of Liberalism {+Blink rN+ AC+4 Str+2 Dex+2}
   (You found it on level 4 of the Swamp)

   [ring of protection]

   AC+4:      It affects your AC (+4).
   Str+2:     It affects your strength (+2).
   Dex+2:     It affects your dexterity (+2).
   rN+:       It protects you from negative energy.
   +Blink:    It lets you blink.
 X - a ring of protection from cold
   (You found it on level 2 of the Lair of Beasts)
 Y - a ring of protection from fire
   (You found it on level 2 of the Lair of Beasts)
Wands
 b - a wand of paralysis (46)
   (You found it on level 3 of the Lair of Beasts)
 C - a wand of polymorph (49)
   (You found it on level 5 of the Dungeon)
 R - a wand of quicksilver (34)
   (You found it on level 12 of the Dungeon)
 T - a wand of flame (83)
   (You took it off Lodul on level 13 of the Dungeon)
 U - a wand of mindburst (70)
   (You found it on level 12 of the Dungeon)
Scrolls
 a - 2 scrolls of silence {!r}
 j - a scroll of brand weapon
 k - 22 scrolls of teleportation {@r4}
 n - 7 scrolls of immolation {!r!r}
 o - 6 scrolls of fog
 q - 7 scrolls of fear
 t - 9 scrolls of poison {!r}
 v - a scroll of butterflies
 y - a scroll of amnesia
 z - 14 scrolls of revelation
 A - 2 scrolls of blinking {!r}
 M - 11 scrolls of vulnerability {!r!r}
 O - 4 scrolls of noise {!r}
Potions
 c - 4 potions of enlightenment
 e - 8 potions of brilliance
 g - 10 potions of haste {@q3}
 h - 11 potions of ambrosia
 l - 5 potions of berserk rage {!q}
 p - 11 potions of heal wounds {@q2}
 r - 14 potions of curing {@q1}
 s - 12 potions of attraction {!q}
 u - a potion of magic
 F - 9 potions of might
 N - 3 potions of resistance
 P - 8 potions of lignification {!q}
 Z - 5 potions of cancellation

Dungeon Overview and Level Annotations

Branches:
Dungeon (15/15)            Temple (1/1) D:5            Lair (5/5) D:11
  Swamp (4/4) Lair:3       Spider (4/4) Lair:3        Slime (5/5) Lair:4
    Orc (2/2) D:12            Elf (3/3) Orc:2        Vaults (5/5) D:14
  Crypt (3/3) Vaults:3       Tomb (0/3) Crypt:3      Depths (4/4) D:15
    Zot (5/5) Depths:4      IceCv (visited)         Volcano (visited)

Altars:
Ashenzari
Cheibriados
Dithmenos
Elyvilon
Fedhas
Gozag
Hepliaklqana
Kikubaaqudgha
Makhleb
Nemelex Xobeh
Okawaru
Qazlal
Ru
Sif Muna
Trog
Uskayaw
Vehumet
Wu Jian
Xom
Yredelemnul
Zin
The Shining One
Jiyva

Shops:
D:7 *   D:13 (   Orc:2 =*[(   Elf:1 :   Elf:3 ?   Vaults:1 !   Vaults:3 (:((
Vaults:5 !   Depths:3 (

Portals:
Hell: Depths:1 Depths:2 Depths:3 Depths:4
Abyss: Depths:2 Depths:3 Depths:4
Pandemonium: Depths:2 Depths:4
Ziggurat: Depths:4
Trove: D:11 (give +7 demon trident)

Annotations:
D:5 exclusion: downstairs
D:7 exclusion: downstairs
D:11 exclusion: 2 downstairs
D:14 loot pile
Lair:3 exclusion: downstairs
Lair:4 exclusion: downstairs
Swamp:1 exclusion: downstairs
Swamp:3 exclusion: downstairs
Spider:1 exclusion: downstairs
Depths:4 3 runed translucent doors, Nevi's ghost, adept DEHW
Zot:2 exclusion: downstairs

...###.##.# #.##.#.#†#.## #
...##..##.# #..#.#..###.###
...##.###.#### ##.#...## ##.##
.............#######....## ##.#
......###...###...###.^..## ##.##
...##.#.............#####.###.###
####..#.............#......#÷...#
##.......###...###...#.##....##.#
##.#.....#......@#...#.##.#.###.#
##.##....#.......#.....##.#.# #.#
......#.............#####.#.# #.#
##.##.#......#......# #.#.###.#
#.##.#.............#####........
#.##)...#.......#......)##.###.#
#.###...#>......#.......##.###.#
#.#.....###...###...........##.#
#.#.##.............#....)......#


There were no monsters in sight!


Message History

A lorocyproca comes into view.
There is a stone staircase leading up here.
Unknown command.
Space momentarily warps into an impossible shape!
You stick the lorocyproca like a pincushion!!!!
You kill the lorocyproca!
The Shining One accepts your kill.
You feel your power returning.
MP[-2]
You lost 2 mp, and now have 40/42 mp.
You climb upwards.
Level annotation: exclusion: downstairs
There is a stone staircase leading down here.
MP[+2]
Your mp is fully restored (42).
You see here a +0 hand axe {axe}.
There is an escape hatch in the ceiling here.
A profane servitor comes into view. It is wielding a +2 whip.
Okay, then.
Space momentarily warps into an impossible shape!
You miss the profane servitor.
MP[-4]
You lost 4 mp, and now have 38/42 mp.
Space momentarily warps into an impossible shape!
You skewer the profane servitor like a kebab!!!
MP[-3]
You lost 3 mp, and now have 35/42 mp.
Space momentarily warps into an impossible shape!
You perforate the profane servitor like a sieve!!!
You destroy the profane servitor!
The Shining One accepts your kill.
MP[-4]
You lost 4 mp, and now have 31/42 mp.
There is a stone staircase leading up, spattered with blood here.
You climb upwards.
There is a stone staircase leading down, spattered with blood here.
MP[+4]
You regained 4 mp, and now have 35/42 mp.
There is a stone staircase leading up here.
You climb upwards.
Level annotation: exclusion: downstairs
There is a stone staircase leading down here.
MP[+5]
You regained 5 mp, and now have 40/42 mp.
There is a stone staircase leading up here.
You climb upwards.
There is a stone staircase leading down here.
MP[+2]
Your mp is fully restored (42).
A shadow demon comes into view.
There is an escape hatch in the ceiling here.
Space momentarily warps into an impossible shape!
You closely miss the shadow demon.
An Orb Guardian comes into view.
MP[-4]
You lost 4 mp, and now have 38/42 mp.
Space momentarily warps into an impossible shape!
You crush the Orb Guardian like a grape!!!!
You kill the Orb Guardian!
You stick the shadow demon like a pincushion!!!
You kill the shadow demon!
The Shining One accepts your kill.
You feel your power returning.
There is a stone staircase leading up here.
You climb upwards.
There is a stone staircase leading down here.
MP[+4]
Your mp is fully restored (42).
There is a stone staircase leading up here.
You climb upwards.
There is a stone staircase leading down here.
Things that are here:
a +0 dagger {short}; a kobold skeleton You see here a hobgoblin skeleton.
There is a stone staircase leading up here.
You climb upwards.
There is a stone staircase leading down here.
Okay, then.
Unknown command.
Things that are here:
a jackal skeleton; a frilled lizard skeleton; a jackal skeleton A demonic crawler comes into view.
Space momentarily warps into an impossible shape!
You flatten the demonic crawler like a pancake!!!
You kill the demonic crawler!
The Shining One accepts your kill.
You feel your power returning.
MP[-3]
You lost 3 mp, and now have 39/42 mp.
There is a staircase leading out of the dungeon here.
MP[+3]
Your mp is fully restored (42).
You can't go down here!
You have escaped!

Skill      XL: |  1  2  3  4  5  6  7  8  9 10 11 12 13 14 15 16 17 18 19 20 21 22 23 24 25 26 27 |
---------------+----------------------------------------------------------------------------------+-----
Fighting       | 3 4 5 7 8 10 14 15 17 20 22 24 27 | 27.0
Maces & Flails | 3 4 5 6 7 11 12 13 15 18 21 22 24 | 24.0
Translocations | 4 7 10 12 13 15 17 18 20 21 | 21.7
Polearms       | 2 |  2.0
Armour         | 6 10 16 20 | 20.0
Dodging        | 6 10 | 10.0
Throwing       | 3 6 10 12 15 20 | 20.0
Spellcasting   | 6 7 10 | 10.0
Invocations    | 5 12 | 12.0
Evocations     | 2 14 | 14.1

Action                     |  1- 3 |  4- 6 |  7- 9 | 10-12 | 13-15 | 16-18 | 19-21 | 22-24 | 25-27 || total
---------------------------+-------+-------+-------+-------+-------+-------+-------+-------+-------++-------
  Melee: Mace              |   109 |    66 |       |       |       |       |       |       |       ||   175
         Headbutt          |     7 |    13 |    57 |   175 |   106 |    70 |    21 |     6 |    57 ||   512
         Punch             |     1 |     1 |     2 |     2 |       |       |       |       |       ||     6
         Spear             |       |    68 |   295 |   118 |       |       |       |       |       ||   481
         Dire flail        |       |       |       |   598 |       |       |       |       |       ||   598
         Giant club        |       |       |       |       |   337 |       |       |       |       ||   337
         Great mace        |       |       |       |       |   565 |  1040 |   128 |       |       ||  1733
         Giant spiked club |       |       |       |       |       |    19 |   867 |  1305 |  1841 ||  4032
  Throw: Boomerang         |       |     7 |       |    19 |     2 |       |       |       |       ||    28
         Dart              |       |    10 |     6 |    27 |     2 |       |       |       |       ||    45
         Large rock        |       |       |       |     5 |     7 |     9 |    41 |    43 |    63 ||   168
         Javelin           |       |       |       |       |       |       |       |       |     1 ||     1
   Cast: Manifold Assault  |       |       |       |    42 |   261 |   524 |   650 |   800 |  1041 ||  3318
         Teleport Other    |       |       |       |    13 |     3 |     3 |     1 |       |       ||    20
         Blink             |       |       |       |     4 |     3 |     3 |     3 |       |     2 ||    15
 Invoke: Brand Weapon With |       |       |       |       |       |       |     1 |       |       ||     1
  Evoke: Wand              |       |       |     1 |     4 |     6 |       |       |     3 |       ||    14
    Use: Scroll            |       |    12 |       |    15 |    10 |    10 |     8 |    12 |    23 ||    90
         Potion            |       |     4 |       |     3 |     2 |     5 |       |     2 |    14 ||    30
   Stab: Sleeping          |       |       |     1 |       |       |       |       |       |       ||     1
 Armour: Robe              |    72 |   101 |    81 |       |    13 |       |       |       |       ||   267
         Steam dragon scal |       |       |   118 |    95 |       |       |       |       |       ||   213
         Acid dragon scale |       |       |       |   190 |    15 |       |       |       |       ||   205
         Troll leather arm |       |       |       |   278 |   571 |   521 |     1 |       |       ||  1371
         Swamp dragon scal |       |       |       |       |       |       |   224 |   155 |       ||   379
         Shadow dragon sca |       |       |       |       |       |       |       |    16 |   218 ||   234
         Gold dragon scale |       |       |       |       |       |       |       |       |   275 ||   275
  Dodge: Dodged            |    52 |    57 |   107 |   286 |   256 |   171 |    80 |    44 |   110 ||  1163

Levels and vault maps discovered:
D:1:      minmay_arrival_open_corners, layout_loops_ring
D:2:      wad_crossroads, layout_rooms
D:3:      layout_loops_ring, shapermc_ecumenical_altar_totnotflames,
          grunt_ministairs_2, supply_closet_lemuel
D:4:      layout_basic, nicolae_concentric_dashed_squares_wild
D:5:      minmay_angry_zag, layout_basic, mainiacjoe_overflow_alcove_2,
          minmay_temple_entry_glass
D:6:      layout_loops_cross
D:7:      layout_rooms, kennysheep_mini, dreamdust_princess_bridge,
          nicolae_shop_clearance
D:8:      layout_loops_ring, gammafunk_temple_overflow_statue, st_stairs_7,
          nrook_campfire, fountainhead, uniq_maggie, uniq_joseph
D:9:      layout_long_grid, nicolae_kikubaaqudgha_miasma_corner,
          mainiacjoe_overflow_brackets
D:10:     layout_loops_cross, mainiacjoe_overflow_tiny_flanked, moated_statue
D:11:     layout_irregular_city, dpeg_lair_monsters,
          nicolae_trove_entry_columns, serial_column_ruins, column_ruins_hut,
          column_ruins_open_small, column_ruins_open_medium,
          column_ruins_corridor_straight, gauntlet_entry_generic,
          minmay_misc_feat_encased
D:12:     layout_rooms, erik_orc_1, uniq_nessos, uniq_jorgrun
D:13:     layout_layer_cave, serial_shops, nicolae_shop_gibbet_a_chance,
          uniq_lodul, uniq_urug, uniq_kirke
D:14:     layout_roguey, skrybe_vaults_entry_preservation, special_room
          [special_room_orc], nicolae_two_hexagons,
          nicolae_yredelemnul_corpse_copse, uniq_azrael, uniq_louise, uniq_agnes
D:15:     hangedman_depths_entry_civil_slaughter, layout_basic,
          nicolae_ru_the_path_less_chosen, minmay_the_grid_square_5x5_3x3_mashed
          [minmay_the_grid_square_5x5_eight,
          minmay_the_grid_square_5x5_trominoes,
          minmay_the_grid_square_5x5_one_wall,
          minmay_the_grid_square_5x5_tetrominoes,
          minmay_the_grid_square_5x5_megaprize_hollow,
          minmay_the_grid_square_5x5_z, minmay_the_grid_square_5x5_two,
          minmay_the_grid_square_5x5_spiral_small,
          minmay_the_grid_square_5x5_empty]
Temple:   nicolae_temple_bog_church
Lair:1:   layout_hall_layers, serial_rivers, chequers_serial_rivers_micro_e,
          chequers_serial_rivers_micro_a, chequers_serial_rivers_small_3,
          chequers_serial_rivers_room_a, chequers_serial_rivers_micro_c,
          chequers_serial_rivers_small_3, chequers_serial_rivers_large_b,
          minivault_11, st_stairs_4, serial_bayou_pond_b
Lair:2:   layout_loops_ring, infiniplex_staircase_pool, grunt_megastairs_2
Lair:3:   layout_layer_cave, minmay_swamp_entry_worms,
          spider_nest_entry_funnel_web, portal_ice_cave_entry_pillars_2,
          minivault_26, beast_lair_carwin_5
Lair:4:   layout_cave_pods, nicolae_slime_entry_field_trip, basic_altar,
          uniq_rupert
Lair:5:   evilmike_catoblepas_cave, layout_regular_city,
          nicolae_volcano_entry_two_sided, dpeg_oklob_1
Swamp:1:  nicolae_swamp_standing_stones, layout_basic_swamp,
          evilmike_swamp_ruin_house_3, nicolae_swamp_decorative_isthmus
Swamp:2:  cheibrodos_swamp_heart_of_darkness, layout_falls_marsh,
          nicolae_swamp_stuck_in_the_mud
Swamp:3:  layout_basic_swamp, nicolae_swamp_reclaimed_castle
Swamp:4:  swamp_alternative, layout_basic_swamp, swamp_pool_1_2,
          infiniplex_staircase_pool_2
Spider:1: layout_spider_delve
Spider:2: layout_spider_delve
Spider:3: nicolae_spider_jumping_over_cracks [nicolae_spider_jumping_sub_rim,
          nicolae_spider_jumping_sub_lanes, nicolae_spider_jumping_sub_offset,
          nicolae_spider_jumping_sub_lake], hangedman_spider_tarantella_strand,
          uniq_aizul
Spider:4: hellmonk_spider_rune_bug_friends
Slime:1:  layout_caves
Slime:2:  layout_caves
Slime:3:  layout_caves
Slime:4:  layout_caves
Slime:5:  slime_pit_nicolae_trefoil
Orc:1:    layout_caves, basic_altar, uniq_snorg
Orc:2:    st_orc_congregation, layout_caves, serial_shops, shop
Elf:1:    layout_loops_ring, serial_library,
          serial_library_hellmonk_narrow_alcove, serial_library_hellmonk_room_b,
          serial_library_hellmonk_secret_room, serial_library_hellmonk_room_c,
          serial_library_regret_index_branch_corner,
          serial_library_hellmonk_room_c, serial_library_hellmonk_octagon,
          serial_library_hellmonk_reading_circle,
          serial_library_regret_index_multi, serial_shops,
          nicolae_shop_peninsula, minmay_elf_sorcery, uniq_frances
Elf:2:    elven_hall_of_blades_hangedman_original [mumra_blade_entry_bloodbath],
          layout_onion_city, lemuel_flamethrower_2
Elf:3:    grunt_elf_hall_asides, layout_geoelf_octagon, serial_shops, shop,
          grunt_megastairs_5, uniq_donald
Vaults:1: hangedman_vaults_snaps, hangedman_vaults_capsules, v_rooms_6,
          nicolae_vaults_meiosis, grunt_vaults_diagonal, v_misc_27,
          nicolae_vaults_closet_pinwheel_2,
          nicolae_vaults_antechamber_and_loot_room, v_misc_22,
          nicolae_vaults_little_ls, nicolae_vaults_tangram_1,
          layout_vaults_omnibox, serial_shops, shop, uniq_norris
Vaults:2: nicolae_vaults_mini_display_case, serial_ice_h,
          hangedman_vaults_stagger, vaults_dpeg_encased_lava,
          vaults_room_hallway, nicolae_vaults_little_squares_4,
          ontoclasm_vaults_spin, st_lattice, layout_vaults_quadrants
Vaults:3: ontoclasm_vaults_decontamination, minmay_crypt_entry_simple_round,
          hangedman_vaults_corner_blocks, nicolae_vaults_ring_of_whatevers,
          hangedman_vaults_slice, nicolae_vaults_diffraction_hallways,
          nicolae_vaults_trapezoid_lopsided_1, vaults_room_fancy_cross,
          hangedman_vaults_corner, nicolae_vaults_ellipses_ellipsis,
          vaults_room_stairs_pillars, layout_vaults_omnicross, serial_shops,
          nicolae_lakefront_shop, shop, shop, shop
Vaults:4: v_alt_pattern_2, nicolae_vaults_little_squares_3,
          vaults_mumra_chevron_long, nicolae_vaults_trapezoid_1,
          nicolae_vaults_offset_grid_hallway_4, nicolae_vaults_sightless_eye,
          nicolae_vaults_sealed_display, ontoclasm_vaults_ring_square,
          nicolae_vaults_cochlea, hangedman_vaults_slice,
          nicolae_vaults_oval_intersection, vaults_room_fours,
          nicolae_vaults_heart-shaped_vault, nicolae_vaults_house_1,
          nicolae_vaults_tetromino_Z_1, layout_vaults_ring
Vaults:5
Crypt:1:  gammafunk_dig_for_victory, layout_chaotic_city, grunt_ministairs_1,
          serial_library_hellmonk_room_b, st_stairs_2
Crypt:2:  layout_basic, uniq_margery, uniq_zenata
Crypt:3:  cryptofortress_bobbens
Depths:1: layout_gridlike, nrook_mini_backslash, lightli_too_deep,
          hangedman_abyss_or_decor_stagger, nicolae_danse_macabre,
          grunt_megastairs_3
Depths:2: minmay_strange_plus, layout_basic, hell_entry, rand_demon_pan_entry_9,
          hangedman_decor_lopped, abyss_entry_crystal, serial_bayou_shore_b
Depths:3: grunt_forest_end_winery, layout_gridlike, abyss_entry, hell_entry,
          kennysheep_another_room, nicolae_stop_n_shop_1,
          nicolae_shop_self_help, infiniplex_staircase_pillars_2, uniq_vv
Depths:4: grunt_zot_entry_funnels, layout_basic, enter_ziggurat_b,
          grunt_hell_entry_dis_grunt, hellmonk_ghost_time_enough,
          nicolae_qazlal_general_emergency, abyss_entry,
          grunt_pan_entry_sceptre, uniq_enchantress, uniq_sojobo
Zot:1:    ebering_greatest_show_in_zot, layout_gridlike,
          st_single_dragon_hoard_2, serial_nicolae_subway,
          nicolae_sub_station_crystal, nicolae_sub_station_metal,
          nicolae_sub_station_stone
Zot:2:    layout_twisted_circle, hangedman_zot_wheel_spokes,
          lemuel_baited_zot_trap, grunt_ministairs_5, zot_minivault_6,
          uniq_parghit
Zot:3:    nicolae_zot_stationary_front, layout_basic,
          regret_index_zotdec_dark_gr, regret_index_zotdec_serpentine_scales,
          lemuel_elevator
Zot:4:    layout_gridlike, gammafunk_ghost_crypt,
          regret_index_zotdec_split_disrupt
Zot:5:    layout_gridlike

Notes
Turn   | Place    | Note
-------+----------+-------------------------------------------
     0 | D:1      | zeratav the Oni Warper began the quest for the Orb.
     0 | D:1      | Reached XP level 1. HP: 22/22 MP: 3/3
     0 | D:1      | magus.rc [v1.9.6]
   118 | D:1      | Reached skill level 3 in Fighting
   159 | D:1      | Reached XP level 2. HP: 31/31 MP: 5/5
   621 | D:1      | Reached XP level 3. HP: 39/39 MP: 6/6
   886 | D:2      | You pick up a book of Debilitation and begin reading...
   886 | D:2      | You add the spells Slow, Sigil of Binding, Vampiric
                  | Draining and Confusing Touch to your library.
  1021 | D:2      | Reached skill level 4 in Fighting
  1021 | D:2      | Reached skill level 3 in Maces & Flails
  1386 | D:2      | Reached XP level 4. HP: 31/49 MP: 7/7
  1502 | D:2      | You pick up a book of the Hunter and begin reading...
  1502 | D:2      | You add the spells Call Canine Familiar and Dimensional
                  | Bullseye to your library.
  1846 | D:3      | Reached skill level 5 in Fighting
  1846 | D:3      | Reached XP level 5. HP: 42/57 MP: 8/8
  2118 | D:3      | Reached skill level 4 in Maces & Flails
  2127 | D:3      | HP: 12/57 [poisoned by a gnoll]
  2132 | D:3      | HP: 8/57 [poisoned by a gnoll]
  2188 | D:3      | HP: 13/57 [poisoned by a gnoll]
  2189 | D:3      | HP: 4/57 [poisoned by a gnoll]
  2329 | D:2      | HP: 14/57 [poisoned by a gnoll]
  2334 | D:2      | HP: 10/57 [poisoned by a gnoll]
  2810 | D:3      | Found a faded altar of an unknown god.
  2972 | D:3      | Learned a level 2 spell: Blink
  3184 | D:4      | Reached XP level 6. HP: 56/67 MP: 9/9
  3281 | D:4      | Reached skill level 6 in Fighting
  3473 | D:4      | Noticed a black bear
  3490 | D:4      | Killed a black bear
  3491 | D:4      | Reached skill level 5 in Maces & Flails
  3526 | D:4      | You pick up a book of Burglary and begin reading...
  3526 | D:4      | You add the spells Ensorcelled Hibernation, Swiftness and
                  | Passwall to your library.
  4151 | D:5      | Entered Level 5 of the Dungeon
  4191 | D:5      | Reached skill level 7 in Fighting
  4191 | D:5      | Reached XP level 7. HP: 78/78 MP: 10/10
  4221 | D:5      | Found a staircase to the Ecumenical Temple.
  4285 | Temple   | Entered the Ecumenical Temple
  4296 | Temple   | Became a worshipper of the Shining One
  4461 | D:5      | Reached skill level 8 in Fighting
  4461 | D:5      | Reached skill level 6 in Maces & Flails
  4461 | D:5      | Reached skill level 3 in Translocations
  4495 | D:5      | Reached skill level 4 in Translocations
  4495 | D:5      | Reached XP level 8. HP: 73/88 MP: 11/11
  4987 | D:5      | Reached skill level 5 in Translocations
  5102 | D:5      | Found a burning altar of Makhleb.
  5542 | D:6      | Reached skill level 6 in Translocations
  5986 | D:6      | Reached skill level 7 in Translocations
  6046 | D:6      | Reached XP level 9. HP: 89/96 MP: 12/12
  6187 | D:6      | Reached skill level 8 in Translocations
  6551 | D:6      | Reached * piety under the Shining One
  6601 | D:6      | Reached skill level 9 in Translocations
  6890 | D:7      | Noticed a hornet
  6891 | D:7      | a hornet changed into a rime drake
  6891 | D:7      | Noticed a rime drake
  6900 | D:7      | Killed a rime drake
  6913 | D:6      | Reached skill level 10 in Translocations
  7312 | D:7      | Reached XP level 10. HP: 99/104 MP: 13/13
  7393 | D:7      | Found Puataraub's CLEARANCE SALE!.
  7400 | D:7      | Bought a potion of might for 28 gold pieces
  7400 | D:7      | Bought a scroll of blinking for 52 gold pieces
  7570 | D:7      | Found a basalt altar of Yredelemnul.
  7614 | D:8      | Reached ** piety under the Shining One
  7626 | D:8      | Reached skill level 11 in Translocations
  7690 | D:8      | You pick up a book of Battle and begin reading...
  7690 | D:8      | You add the spells Fugue of the Fallen and Ozocubu's Armour
                  | to your library.
  7779 | D:8      | Noticed a cyclops
  7780 | D:8      | Noticed Joseph
  7781 | D:8      | Noticed Maggie
  7808 | D:8      | Killed Maggie
  7826 | D:8      | HP: 23/104 [Joseph/sling bullet (9)]
  7833 | D:8      | HP: 15/104 [Joseph/sling bullet (10)]
  8133 | D:8      | HP: 24/99 [wight/+4 war axe (6)]
  8405 | D:8      | Killed a cyclops
  8406 | D:8      | Reached skill level 12 in Translocations
  8621 | D:8      | You pick up a book of Displacement and begin reading...
  8628 | D:8      | Reached skill level 1 in Polearms
  9007 | D:8      | Reached skill level 2 in Polearms
  9121 | D:8      | Found a bloodstained altar of Trog.
  9126 | D:8      | Found a sparkling altar of Nemelex Xobeh.
  9219 | D:8      | Killed Joseph
  9437 | D:8      | Reached skill level 9 in Fighting
  9644 | D:9      | Found an opulent altar of Gozag.
  9806 | D:9      | Found an ancient bone altar of Kikubaaqudgha.
  9854 | D:9      | Reached skill level 10 in Fighting
  9874 | D:9      | You pick up a book of Conjurations and begin reading...
  9874 | D:9      | You add the spells Magic Dart, Searing Ray and Fulminant
                  | Prism to your library.
 10070 | D:9      | You pick up a book of Vapours and begin reading...
 10070 | D:9      | You add the spells Mercury Vapours, Mephitic Cloud and
                  | Freezing Cloud to your library.
 10420 | D:10     | Entered Level 10 of the Dungeon
 10420 | D:10     | Found an ornate altar of the Wu Jian Council.
 10534 | D:10     | Reached *** piety under the Shining One
 10544 | D:10     | Reached skill level 7 in Maces & Flails
 10544 | D:10     | Reached XP level 11. HP: 111/117 MP: 14/14
 10569 | D:10     | Noticed a two-headed ogre
 10597 | D:10     | Killed a two-headed ogre
 10598 | D:10     | Reached skill level 2 in Armour
 10598 | D:10     | Reached skill level 3 in Dodging
 10706 | D:10     | You pick up a book of Death {forbidden} and begin
                  | reading...
 10706 | D:10     | You add the spells Animate Dead, Haunt and Infestation to
                  | your library.
 11134 | D:10     | Learned a level 4 spell: Manifold Assault
 11138 | D:10     | Learned a level 3 spell: Teleport Other
 11435 | D:11     | Noticed a two-headed ogre
 11451 | D:11     | Killed a two-headed ogre
 11452 | D:11     | Reached skill level 3 in Armour
 11452 | D:11     | Reached skill level 4 in Dodging
 11540 | D:11     | Noticed a cyclops
 11556 | D:11     | Killed a cyclops
 11583 | D:11     | Reached skill level 4 in Armour
 12078 | D:11     | Found a staircase to the Lair.
 12123 | D:11     | HP: 28/117 [yak (4)]
 12127 | D:11     | Reached skill level 5 in Dodging
 12402 | D:11     | Found a portal to a secret trove of treasure.
 12763 | D:11     | Reached skill level 5 in Armour
 12887 | Lair:1   | Entered Level 1 of the Lair of Beasts
 12960 | D:12     | Noticed a cyclops
 12981 | D:12     | Noticed a red ugly thing
 13093 | D:12     | Noticed Jorgrun
 13717 | D:11     | HP: 19/117 [slime creature (16)]
 13770 | D:11     | Reached skill level 6 in Dodging
 13948 | D:12     | Killed a cyclops
 13949 | D:12     | Reached skill level 6 in Armour
 14183 | D:12     | Killed Jorgrun
 14184 | D:12     | Reached skill level 3 in Throwing
 14184 | D:12     | Reached XP level 12. HP: 67/126 MP: 15/15
 14212 | D:12     | Reached skill level 8 in Maces & Flails
 14309 | D:12     | Reached skill level 4 in Throwing
 14387 | D:12     | Noticed Nessos
 14392 | D:12     | HP: 26/126 [Nessos/arrow (6)]
 14394 | D:13     | HP: 9/126 [poisoned by Nessos]
 14480 | D:12     | Nessos changed into Nessos the human
 14480 | D:12     | Noticed Nessos
 14486 | D:12     | Killed Nessos the human
 14723 | D:12     | Noticed a two-headed ogre
 14917 | D:12     | Killed a two-headed ogre
 15027 | D:12     | Found a staircase to the Orcish Mines.
 15045 | D:12     | Reached skill level 5 in Throwing
 15177 | Orc:1    | Entered Level 1 of the Orcish Mines
 15263 | Orc:1    | Reached skill level 9 in Maces & Flails
 15288 | Orc:1    | Found a radiant altar of Vehumet.
 15453 | Orc:1    | Noticed a two-headed ogre
 15478 | Orc:1    | HP: 30/126 [two-headed ogre/+0 giant club (14)]
 15678 | Lair:1   | Noticed a four-headed hydra
 15953 | Lair:1   | Reached skill level 6 in Throwing
 16045 | Lair:1   | Killed a four-headed hydra
 16059 | Lair:1   | Reached skill level 10 in Maces & Flails
 16175 | Lair:1   | Reached **** piety under the Shining One
 17120 | Lair:2   | Reached skill level 11 in Maces & Flails
 17235 | Lair:2   | Noticed a seven-headed hydra
 17337 | Lair:2   | Killed a seven-headed hydra
 17338 | Lair:2   | Reached XP level 13. HP: 123/133 MP: 2/16
 17400 | Lair:2   | Reached skill level 12 in Maces & Flails
 17840 | Lair:3   | Found a frozen archway.
 17859 | Lair:3   | Reached skill level 3 in Spellcasting
 17900 | IceCv    | Entered an ice cave
 18069 | IceCv    | Reached skill level 4 in Spellcasting
 18207 | IceCv    | Identified the amulet "Poenid" {Spirit rCorr}
 18291 | Lair:3   | You pick up a book of the Tundra and begin reading...
 18291 | Lair:3   | You add the spells Hailstorm, Summon Ice Beast and Sculpt
                  | Simulacrum to your library.
 18629 | Lair:3   | Reached skill level 5 in Spellcasting
 19328 | Lair:3   | You pick up a book of Geomancy and begin reading...
 19328 | Lair:3   | You add the spells Sandblast, Stone Arrow and Brom's
                  | Barrelling Boulder to your library.
 19356 | Lair:3   | Found a hole to the Spider Nest.
 19366 | Lair:3   | Reached skill level 6 in Spellcasting
 19588 | Lair:3   | Found a staircase to the Swamp.
 19864 | Lair:4   | Reached skill level 13 in Translocations
 20082 | Lair:4   | Noticed Rupert
 20090 | Lair:4   | Killed Rupert
 20151 | Lair:4   | Identified the +9 great mace "Sigeupp" {flame, rF+ SInv}
 20223 | Lair:4   | Found a staircase to the Slime Pits.
 20413 | Lair:4   | Found a bloodstained altar of Trog.
 21025 | Lair:5   | Entered Level 5 of the Lair of Beasts
 21051 | Lair:4   | Reached skill level 2 in Invocations
 21145 | Lair:4   | Reached skill level 3 in Invocations
 21227 | Lair:5   | Reached ***** piety under the Shining One
 21349 | Lair:5   | Reached skill level 4 in Invocations
 21371 | Lair:5   | Found a dark tunnel.
 21392 | Volcano  | Entered a volcano
 21446 | Volcano  | Reached skill level 5 in Invocations
 21446 | Volcano  | Reached XP level 14. HP: 122/143 MP: 23/23
 21502 | Volcano  | HP: 27/143 [hell knight/+0 halberd of flaming (23)]
 21517 | Volcano  | Reached skill level 6 in Invocations
 21519 | Volcano  | HP: 22/143 [hell knight/bolt of fire (10)]
 21540 | Volcano  | Reached skill level 7 in Invocations
 22041 | Lair:5   | You pick up a book of Touch and begin reading...
 22041 | Lair:5   | You add the spells Kiss of Death and Dispel Undead to your
                  | library.
 22066 | Lair:5   | Reached skill level 8 in Invocations
 22745 | Lair:5   | Reached skill level 9 in Invocations
 23084 | Lair:5   | Reached skill level 13 in Maces & Flails
 23127 | Lair:5   | Reached skill level 10 in Invocations
 23263 | Lair:5   | Reached skill level 11 in Invocations
 23294 | Lair:5   | Identified the +3 hat of Defiance {MP+9 Str+4}
 23685 | D:13     | Found Wibaas's Weapon Shoppe.
 23723 | D:13     | You add the spells Sting and Olgreb's Toxic Radiance to
                  | your library.
 23823 | D:13     | Noticed Kirke
 23827 | D:13     | Noticed a sphinx
 23828 | D:13     | Killed Kirke
 23840 | D:13     | Reached skill level 12 in Invocations
 24024 | D:13     | Noticed Lodul
 24031 | D:13     | Killed Lodul
 24126 | D:13     | Noticed Urug
 24128 | D:13     | Killed Urug
 24378 | D:13     | Reached XP level 15. HP: 138/149 MP: 24/24
 24798 | D:13     | Reached skill level 14 in Translocations
 25380 | D:14     | Noticed Louise
 25397 | D:14     | Killed Louise
 25440 | D:14     | Reached skill level 14 in Maces & Flails
 25512 | D:14     | Found a gate to the Vaults.
 25527 | D:14     | Reached ****** piety under the Shining One
 25648 | D:14     | Noticed Azrael
 25652 | D:14     | Killed Azrael
 25896 | D:14     | Found a basalt altar of Yredelemnul.
 25984 | D:14     | Noticed Agnes
 26154 | D:15     | Entered Level 15 of the Dungeon
 26170 | D:15     | Reached skill level 15 in Translocations
 26488 | Orc:2    | Entered Level 2 of the Orcish Mines
 26535 | Orc:2    | Found a staircase to the Elven Halls.
 26715 | Orc:2    | Found Rigagaig's Antique Weapon Emporium.
 26762 | Orc:2    | Noticed an orc warlord
 26765 | Orc:2    | Killed an orc warlord
 26766 | Orc:2    | Reached skill level 15 in Maces & Flails
 26770 | Orc:2    | Paralysed by an orc sorcerer for 5 turns
 26812 | Orc:2    | Reached XP level 16. HP: 149/158 MP: 0/25
 26921 | Orc:2    | Found Ypretem's Antique Armour Shoppe.
 26922 | Orc:2    | Found Tocaar's Antique Weapon Shoppe.
 26923 | Orc:2    | Found Hobb's General Store.
 26923 | Orc:2    | Found Cepp's Jewellery Emporium.
 26977 | Orc:2    | Bought a ring of poison resistance for 320 gold pieces
 27797 | Spider:1 | Entered Level 1 of the Spider Nest
 27821 | Spider:1 | HP: 32/158 [jumping spider (14)]
 27826 | Lair:3   | HP: 21/158 [poisoned by a redback]
 28005 | Spider:1 | Reached skill level 16 in Translocations
 29276 | Spider:2 | Reached skill level 17 in Translocations
 29322 | Spider:2 | HP: 38/158 [poisoned by an emperor scorpion]
 29327 | Spider:2 | HP: 35/158 [poisoned by an emperor scorpion]
 29333 | Spider:2 | HP: 27/158 [redback (11)]
 29351 | Spider:2 | HP: 39/159 [redback (7)]
 29359 | Spider:2 | HP: 21/159 [culicivora (14)]
 29603 | Spider:2 | Reached skill level 11 in Fighting
 29957 | Spider:2 | Reached skill level 12 in Fighting
 30435 | Swamp:1  | Entered Level 1 of the Swamp
 31145 | Spider:3 | Reached skill level 13 in Fighting
 31294 | Spider:3 | Reached skill level 14 in Fighting
 31296 | Spider:3 | Identified the serpent talisman "Xokaonom" {rElec rN+
                  | rCorr}
 31296 | Spider:3 | Noticed Aizul
 31296 | Spider:3 | HP: 22/172 [radroach (35)]
 31305 | Spider:3 | Gained mutation: You do not regenerate when monsters are
                  | visible. [mutagenic glow]
 31422 | Spider:2 | Lost mutation: You do not regenerate when monsters are
                  | visible. [potion of mutation]
 31422 | Spider:2 | Gained mutation: You have an increased reservoir of magic.
                  | (+10% MP) [potion of mutation]
 31422 | Spider:2 | Gained mutation: You have sharp fingernails. [potion of
                  | mutation]
 31961 | Spider:3 | Killed Aizul
 32182 | Spider:3 | Reached XP level 17. HP: 157/182 MP: 28/28
 32196 | Spider:3 | Reached skill level 15 in Fighting
 32339 | Spider:3 | Reached skill level 7 in Throwing
 32481 | Spider:3 | Reached skill level 8 in Throwing
 32903 | Spider:4 | Entered Level 4 of the Spider Nest
 33042 | Spider:4 | Reached skill level 9 in Throwing
 33713 | Spider:4 | Reached skill level 10 in Throwing
 33754 | Spider:3 | Reached skill level 7 in Armour
 34046 | Spider:4 | Reached skill level 8 in Armour
 34310 | Spider:4 | Got a gossamer rune of Zot
 34320 | Spider:4 | Identified the +0 hat of Elyvilon's Scorn {rElec rF+ Dex+3}
 35079 | Swamp:1  | Reached skill level 9 in Armour
 35466 | Swamp:1  | Noticed a tentacled monstrosity
 35471 | Swamp:1  | Killed a tentacled monstrosity
 35472 | Swamp:1  | Reached skill level 10 in Armour
 35541 | Swamp:1  | Reached XP level 18. HP: 193/193 MP: 22/29
 36719 | Orc:2    | Bought a scroll of identify for 28 gold pieces
 37088 | Swamp:2  | Identified the +0 chain mail of the King of the Hill {rElec
                  | rPois rCorr Str-5}
 37094 | Swamp:2  | Reached skill level 16 in Maces & Flails
 37248 | Swamp:2  | You add the spells Alistair's Intoxication, Borgnjor's Vile
                  | Clutch and Eringya's Noxious Bog to your library.
 37295 | Swamp:2  | a +0 spear {polearm}; +0 shadow dragon scales {rare}; a +0
                  | buckler
 37362 | Swamp:2  | You pick up a book of Iron and begin reading...
 37362 | Swamp:2  | You add the spells Summon Lightning Spire, Animate Armour
                  | and Lee's Rapid Deconstruction to your library.
 38301 | Swamp:2  | You pick up a book of the Warp and begin reading...
 38301 | Swamp:2  | You add the spells Dispersal and Disjunction to your
                  | library.
 38379 | Swamp:3  | Noticed a tentacled monstrosity
 38385 | Swamp:3  | Killed a tentacled monstrosity
 38405 | Swamp:3  | Reached skill level 17 in Maces & Flails
 39118 | Swamp:4  | Entered Level 4 of the Swamp
 39272 | Swamp:4  | Reached skill level 18 in Maces & Flails
 39339 | Swamp:4  | Noticed the 27-headed Lernaean hydra
 39343 | Swamp:4  | Killed the 27-headed Lernaean hydra
 39365 | Swamp:4  | HP: 43/193 [five-headed hydra (22)]
 39627 | Swamp:4  | Reached XP level 19. HP: 201/201 MP: 15/30
 39779 | Swamp:4  | Got a decaying rune of Zot
 39854 | Swamp:4  | You pick up a book of Transmutation and begin reading...
 39854 | Swamp:4  | You add the spells Sublimation of Blood, Petrify and
                  | Irradiate to your library.
 39862 | Swamp:4  | Identified the ring "Viag" {Will+ AC+4 Stlth+}
 39903 | Swamp:4  | Reached skill level 19 in Maces & Flails
 39928 | Swamp:4  | Identified the ring of Liberalism {+Blink rN+ AC+4 Str+2
                  | Dex+2}
 40413 | Elf:1    | Entered Level 1 of the Elven Halls
 40578 | Elf:1    | Identified the +0 falchion of the Sneaky Towns {vamp,
                  | Int+7}
 40995 | Elf:1    | You add the spells Dazzling Flash, Summon Blazeheart Golem
                  | and Chain Lightning to your library.
 40995 | Elf:1    | Got Sif Muna's Enchiridion on Assistive Concussion
 41479 | Elf:1    | Found Duloump's Book Shoppe.
 41612 | Elf:1    | Noticed Frances
 41618 | Elf:1    | Killed Frances
 41768 | Elf:1    | Found a shimmering blue altar of Sif Muna.
 41772 | Elf:1    | You add the spells Cigotuvi's Dreadful Rot and Summon Mana
                  | Viper to your library.
 41772 | Elf:1    | Got Jierataq's Omnibus of the Illusory Welkin
 41917 | Elf:1    | Reached skill level 20 in Maces & Flails
 41978 | Elf:1    | You pick up a book of Scorching and begin reading...
 41978 | Elf:1    | You add the spells Scorch, Flame Wave and Summon Cactus
                  | Giant to your library.
 42038 | Elf:1    | You pick up a book of Spectacle and begin reading...
 42038 | Elf:1    | You add the spells Volatile Blastmotes, Starburst and
                  | Maxwell's Capacitive Coupling to your library.
 42257 | Elf:2    | Noticed an Ice Fiend
 42378 | Elf:2    | Found a runed translucent gate.
 42383 | Elf:2    | Found a runed translucent gate.
 42383 | Elf:2    | Found a runed translucent gate.
 42391 | Elf:2    | Identified the +4 battleaxe of Fymeoc {flame, rElec Str+4
                  | SInv}
 43243 | Elf:2    | N - a +0 eveningstar of distortion {forbidden!wmacerare=g}
 43244 | Elf:2    | You drop a +0 eveningstar of distortion
                  | {forbidden!wmacerare=g}.
 43245 | Elf:2    | N - a +0 eveningstar of distortion {forbidden!wmacerare=g}
 43260 | Elf:2    | You drop a +0 eveningstar of distortion
                  | {forbidden!wmacerare=g}.
 43267 | Elf:2    | N - a +0 eveningstar of distortion {forbidden!wmacerare=g}
 43268 | Elf:2    | You drop a +0 eveningstar of distortion
                  | {forbidden!wmacerare=g}.
 43269 | Elf:2    | N - a +0 eveningstar of distortion {forbidden!wmacerare=g}
 43532 | Elf:2    | Reached skill level 21 in Maces & Flails
 43680 | Elf:2    | You drop a +0 eveningstar of distortion
                  | {forbidden!wmacerare=g}.
 43691 | Elf:2    | x - a +0 eveningstar of distortion {forbidden!wmacerare=g}
 43692 | Elf:2    | You drop a +0 eveningstar of distortion
                  | {forbidden!wmacerare=g}.
 43941 | Elf:3    | Entered Level 3 of the Elven Halls
 44263 | Elf:3    | Found Ediutuojai's Magic Scroll Boutique.
 44276 | Elf:3    | Bought a scroll of enchant armour for 142 gold pieces
 44309 | Elf:3    | Reached XP level 20. HP: 210/210 MP: 31/31
 44347 | Elf:3    | Paralysed by an air elemental for 1 turns
 45012 | Elf:3    | Identified a +1 crystal plate armour
 45012 | Elf:3    | Identified the +0 kite shield "Mafu Menk" {Int+3}
 45012 | Elf:3    | Noticed Donald
 45015 | Elf:3    | Killed Donald
 45021 | Elf:3    | Reached skill level 22 in Maces & Flails
 45025 | Elf:3    | Identified the +5 scimitar "Yvycil" {antimagic, rC+ Dex+2}
 45029 | Elf:3    | Paralysed by an air elemental for 1 turns
 45129 | Elf:3    | Identified the amulet "Jogym" {rF+ Regen+}
 45189 | Elf:3    | Identified the ring "Pussil" {Will+ Str+3 Int+2}
 45196 | Elf:3    | Identified the ring of Zuudo {rC+ rN+ Int+2}
 45539 | D:14     | Killed Agnes
 45540 | D:14     | Reached skill level 11 in Throwing
 45813 | Elf:3    | a +1 crystal plate armour {rare=g}; a +0 scimitar {long};
                  | the human skeleton of Donald
 45816 | Elf:3    | a +1 crystal plate armour {rare=g}; a +0 scimitar {long};
                  | the human skeleton of Donald
 45818 | Elf:3    | a +1 crystal plate armour {rare=g}; a +0 scimitar {long};
                  | the human skeleton of Donald
 45821 | Elf:3    | I - a +1 crystal plate armour {rare=g}
 45827 | Elf:3    | You drop a +1 crystal plate armour {rare=g}.
 45840 | Elf:3    | I - a +1 crystal plate armour {rare=g}
 45857 | Elf:3    | a deep elf death mage comes into view. It is wielding the
                  | +5 scythe "Finisher" {speed, execute}.
 45875 | Elf:3    | You drop a +1 crystal plate armour {rare=g}.
 45878 | Elf:3    | a +1 crystal plate armour {rare=g}; the +5 scythe
                  | "Finisher" {speed, execute, polearm}; a +0 chain mail
 45886 | Elf:3    | I - a +1 crystal plate armour {rare=g}
 45889 | Elf:3    | You drop a +1 crystal plate armour {rare=g}.
 45905 | Elf:3    | Reached skill level 16 in Fighting
 45941 | Elf:3    | Identified the +6 trident of Benevolence {vamp, *Noise
                  | rPois rC+}
 46056 | Elf:3    | I - a +1 crystal plate armour {rare=g}
 46057 | Elf:3    | You drop a +1 crystal plate armour {rare=g}.
 46074 | Elf:3    | You add the spells Malign Gateway and Summon Horrible
                  | Things to your library.
 46087 | Elf:3    | Got the Excursus on Translocational Ceration
 46092 | Elf:3    | You pick up a book of Power and begin reading...
 46092 | Elf:3    | You add the spells Iskenderun's Battlesphere, Bombard and
                  | Spellforged Servitor to your library.
 46104 | Elf:3    | Identified the storm talisman of the Amoeba {Will++ Str-3
                  | Dex+3}
 46108 | Elf:3    | You pick up a book of Ice and begin reading...
 46108 | Elf:3    | You add the spells Ozocubu's Refrigeration and Polar Vortex
                  | to your library.
 46122 | Elf:3    | Identified the staff "Pevvoc" {rN+ Will+ Necro}
 46131 | Elf:3    | You pick up a book of Air and begin reading...
 46131 | Elf:3    | You add the spells Shock and Airstrike to your library.
 46137 | Elf:3    | You add the spells Summon Forest and Summon Hydra to your
                  | library.
 46821 | D:15     | Found a sacrificial altar of Ru.
 47020 | D:15     | You pick up a book of Unlife {forbidden} and begin
                  | reading...
 47125 | D:15     | You add the spells Arcjolt and Lehudib's Crystal Spear to
                  | your library.
 47125 | D:15     | Got the Vellum of Illusion and Conjuring
 47329 | D:15     | Found a staircase to the Depths.
 47397 | D:15     | You pick up a book of Minor Magic and begin reading...
 47866 | D:14     | Identified a +9 giant spiked club of holy wrath {mace} (a
                  | +7 heavy giant spiked club {mace} blessed by the Shining
                  | One)
 47866 | D:14     | Received a gift from the Shining One
 47901 | Vaults:1 | Entered Level 1 of the Vaults
 47940 | Vaults:1 | Noticed Norris
 47953 | Vaults:1 | Killed Norris
 48031 | Vaults:1 | You pick up a book of Death {forbidden} and begin
                  | reading...
 48095 | Vaults:1 | Reached skill level 12 in Throwing
 48188 | Vaults:1 | Reached skill level 17 in Fighting
 48348 | Vaults:1 | You pick up a book of Beasts and begin reading...
 49266 | Vaults:1 | Reached XP level 21. HP: 177/228 MP: 23/33
 49434 | Vaults:1 | Found Wixtudgh's Distillery.
 49442 | Vaults:1 | Bought a potion of enlightenment for 100 gold pieces
 49442 | Vaults:1 | Bought a potion of haste for 200 gold pieces
 49458 | Vaults:1 | Reached skill level 13 in Throwing
 49460 | Vaults:1 | Reached skill level 18 in Fighting
 50850 | Vaults:2 | Reached skill level 19 in Fighting
 50875 | Vaults:2 | Reached skill level 14 in Throwing
 51156 | Vaults:2 | You pick up a book of Burglary and begin reading...
 51916 | Vaults:3 | Found Keuxuw's Book Shoppe.
 52139 | Vaults:3 | Identified 3 scrolls of acquirement
 52147 | Vaults:3 | Acquired 1058 gold pieces
 52149 | Vaults:3 | Acquired the ring "Kueth" {rPois rC+ rCorr Str+6 Int+6}
 52150 | Vaults:3 | Acquired 946 gold pieces
 52252 | Vaults:3 | Reached skill level 20 in Fighting
 52396 | Vaults:3 | Reached skill level 15 in Throwing
 52491 | Vaults:3 | Found Xig Yles's Weapon Shoppe.
 52643 | Vaults:3 | Found Xoiriwn's Weapon Shop.
 53162 | Vaults:3 | Found a staircase to the Crypt.
 53323 | Vaults:3 | Found Puatepo's Weapon Emporium.
 53332 | Vaults:3 | Bought 5 darts of dispersal for 49 gold pieces
 53593 | Crypt:1  | Entered Level 1 of the Crypt
 53595 | Crypt:1  | Reached skill level 7 in Spellcasting
 53653 | Crypt:1  | Reached XP level 22. HP: 249/249 MP: 35/35
 53743 | Crypt:1  | You pick up a book of Annihilations and begin reading...
 53743 | Crypt:1  | You add the spells Fire Storm and Shatter to your library.
 53759 | Crypt:1  | Found a transporter.
 53834 | Crypt:1  | Noticed a curse skull
 53836 | Crypt:1  | Killed a curse skull
 54211 | Crypt:1  | Found the +12 glaive of Prune {freeze, Prune}
 54212 | Crypt:1  | Found a transporter.
 54357 | Crypt:1  | You pick up a book of Armaments and begin reading...
 54596 | Crypt:2  | Reached skill level 8 in Spellcasting
 54606 | Crypt:2  | Noticed Zenata
 54616 | Crypt:2  | Killed Zenata
 54724 | Crypt:2  | Reached skill level 21 in Fighting
 54878 | Crypt:2  | Noticed a curse skull
 54884 | Crypt:2  | Killed a curse skull
 55402 | Crypt:2  | Reached skill level 9 in Spellcasting
 55426 | Crypt:2  | Noticed a curse skull
 55427 | Crypt:2  | Killed a curse skull
 55571 | Crypt:2  | Noticed a curse skull
 55580 | Crypt:2  | Killed a curse skull
 55919 | Crypt:3  | Entered Level 3 of the Crypt
 56077 | Crypt:3  | Reached skill level 18 in Translocations
 56203 | Crypt:3  | Found the +8 demon blade "Leech" {evervamp, Harm ^Drain
                  | rN+}
 56205 | Crypt:3  | Found a staircase to the Tomb.
 56344 | Crypt:3  | Reached skill level 10 in Spellcasting
 56560 | Crypt:3  | Noticed an ancient lich
 56567 | Crypt:3  | Killed an ancient lich
 56568 | Crypt:3  | Reached skill level 22 in Fighting
 56598 | Crypt:3  | Found an ancient bone altar of Kikubaaqudgha.
 56638 | Crypt:3  | You pick up a book of Party Tricks and begin reading...
 56638 | Crypt:3  | You add the spells Apportation and Jinxbite to your
                  | library.
 56641 | Crypt:3  | You pick up a book of the Tundra and begin reading...
 57766 | D:14     | Upgraded the game from 0.32-a0-163-g159c032296 to
                  | 0.32-a0-172-gc5dd13f2a7
 57766 | D:14     | magus.rc [v1.9.6]
 57944 | Slime:1  | Entered Level 1 of the Pits of Slime
 57950 | Slime:1  | Reached XP level 23. HP: 265/265 MP: 38/40
 58386 | Slime:2  | Gained mutation: You are clumsy. (Dex -2) [a shining eye]
 58387 | Slime:2  | Gained mutation: You have hidden genetic defects. [a
                  | shining eye]
 58453 | Slime:2  | Reached skill level 23 in Fighting
 58631 | Slime:3  | Reached skill level 19 in Translocations
 58878 | Slime:5  | Entered Level 5 of the Pits of Slime
 59008 | Slime:5  | Found a viscous altar of Jiyva.
 59008 | Slime:5  | Noticed the Royal Jelly
 59086 | Slime:5  | Lost mutation: You have an increased reservoir of magic.
                  | (+10% MP) [hidden defects]
 59931 | Slime:5  | Killed the Royal Jelly
 59932 | Slime:5  | Reached skill level 24 in Fighting
 59953 | Slime:5  | Gained mutation: You are occasionally teleported next to
                  | monsters. [hidden defects]
 59953 | Slime:5  | Lost mutation: You have hidden genetic defects. [hidden
                  | defects expressed]
 60061 | Slime:5  | Lost mutation: You have sharp fingernails. [potion of
                  | mutation]
 60061 | Slime:5  | Lost mutation: You are occasionally teleported next to
                  | monsters. [potion of mutation]
 60061 | Slime:5  | Gained mutation: Your mind is acute. (Int +4, Str/Dex -1)
                  | [potion of mutation]
 60061 | Slime:5  | Gained mutation: You are robust. (+10% HP) [potion of
                  | mutation]
 60138 | Slime:5  | Identified the +9 long sword of a volcano {freeze, rElec
                  | rC++ rCorr Str+2 Int-2}
 60158 | Slime:5  | You pick up a book of Transmutation and begin reading...
 60238 | Slime:5  | You pick up a book of Dangerous Friends and begin
                  | reading...
 60254 | Slime:5  | Got a slimy rune of Zot
 60329 | Slime:5  | You pick up a book of Storms and begin reading...
 60331 | Slime:5  | You pick up a book of Decay {forbidden} and begin
                  | reading...
 61121 | Crypt:1  | Noticed a dread lich
 61136 | Crypt:1  | Noticed a curse skull
 61140 | Crypt:1  | Killed a curse skull
 61166 | Crypt:1  | Reached skill level 20 in Translocations
 61166 | Crypt:1  | Killed a dread lich
 61167 | Crypt:1  | Reached XP level 24. HP: 312/312 MP: 37/37
 61190 | Crypt:1  | Identified the ring of Ocifir {rF+ rC+ Int+2 Dex+2 SInv}
 61209 | Crypt:1  | Identified the amulet of Vojietai {RegenMP -Tele rC++ rCorr
                  | Dex+3}
 61224 | Crypt:1  | Identified the ring "Imoim" {rF- Str+2 Int+3 Dex+6}
 61857 | Depths:1 | Entered Level 1 of the Depths
 61863 | Depths:1 | Reached skill level 25 in Fighting
 62612 | Depths:1 | Reached skill level 26 in Fighting
 62667 | Depths:1 | Identified the +2 cloak of the Undertaker {rN+ Dex+3}
 63014 | Depths:1 | Found a gateway to Hell.
 63020 | Depths:1 | You pick up a book of Fire and begin reading...
 63020 | Depths:1 | You add the spells Foxfire and Plasma Beam to your library.
 63525 | Depths:2 | Reached skill level 27 in Fighting
 63631 | Depths:2 | You pick up a book of Debilitation and begin reading...
 63727 | Depths:2 | Reached skill level 7 in Dodging
 63798 | Depths:2 | Identified the +14 plate armour "Irghis" {^Contam rC+
                  | Regen+ Str+2}
 63799 | Depths:2 | Identified the staff "Oni's Regret" {rPois rC+ Ice}
 63802 | Depths:2 | Got the Parchment of the Vexing Tropics
 63804 | Depths:2 | Identified the +5 long sword "Lepsiddiot" {venom, ^Drain
                  | Dex+6 SInv}
 63806 | Depths:2 | You pick up a book of the Moon and begin reading...
 63806 | Depths:2 | You add the spells Passage of Golubria and Silence to your
                  | library.
 64200 | Depths:2 | Reached skill level 8 in Dodging
 64359 | Depths:2 | Found a one-way gate leading to the halls of Pandemonium.
 64493 | Depths:2 | Found a one-way gate to the infinite horrors of the Abyss.
 65021 | Swamp:2  | +0 shadow dragon scales {rare}; a +0 buckler; a +0 spear
                  | {polearm}
 65021 | Swamp:2  | v - +0 shadow dragon scales {rare}
 65253 | Depths:2 | You finish putting on your +0 shadow dragon scales {rare}.
 65326 | Depths:3 | Found Duqad's Weapon Shoppe.
 65410 | Depths:3 | Noticed Vv
 65425 | Depths:3 | Killed Vv
 65551 | Depths:3 | Reached skill level 9 in Dodging
 65723 | Depths:3 | You fall into a shaft and drop 1 floor!
 65723 | Depths:4 | Entered Level 4 of the Depths
 65904 | Depths:4 | Noticed Sojobo
 65904 | Depths:4 | Noticed Nevi's ghost (adept DEHW)
 65910 | Depths:4 | Killed Sojobo
 65944 | Depths:4 | Reached skill level 10 in Dodging
 66012 | Depths:4 | Found a runed translucent gate.
 66012 | Depths:4 | Found a runed translucent gate.
 66016 | Depths:4 | Found a runed translucent gate.
 66254 | Depths:4 | Found a one-way gateway to a ziggurat.
 66320 | Depths:4 | Found a stormy altar of Qazlal.
 66380 | Depths:4 | Reached XP level 25. HP: 334/334 MP: 28/37
 66416 | Depths:4 | Found a gate to the Realm of Zot.
 66427 | Depths:4 | Reached skill level 11 in Armour
 67016 | Depths:4 | Voluntarily entered the Abyss.
 67016 | Abyss:1  | Found a corrupted altar of Lugonu.
 67506 | Abyss:2  | Reached skill level 12 in Armour
 67554 | Abyss:2  | Found a corrupted altar of Lugonu.
 67656 | Abyss:2  | Found a corrupted altar of Lugonu.
 67677 | Abyss:2  | Gained mutation: You occasionally lose the ability to read
                  | scrolls when taking damage. [a neqoxec]
 67767 | Abyss:2  | Gained mutation: You occasionally lose the ability to drink
                  | potions when taking damage. [a neqoxec]
 67883 | Abyss:2  | Reached skill level 13 in Armour
 67914 | Abyss:2  | Found a corrupted altar of Lugonu.
 68241 | Abyss:4  | Reached skill level 14 in Armour
 68382 | Abyss:4  | Found a shimmering altar of Xom.
 68392 | Abyss:4  | Got an abyssal rune of Zot
 68459 | Abyss:4  | Lost mutation: You are robust. (+10% HP) [a neqoxec]
 68481 | Abyss:4  | Reached skill level 15 in Armour
 68612 | Abyss:4  | Got Lehudib's Cyclopedia of Underground Arcane Weapons
 68621 | Abyss:4  | Got the Discourse on Accomplices
 68623 | Abyss:4  | Got the Octavo of Wildfire
 68632 | Abyss:4  | Got Uniang's Textbook on the Wayfarer
 68643 | Abyss:4  | Got Neateria's Compendium of Clay
 68647 | Abyss:4  | Got the Secrets of Arrival {forbidden}
 68686 | Depths:4 | You pass through the gate.
 68686 | Depths:4 | Escaped the Abyss
 69663 | Vaults:4 | You pick up a book of Iron and begin reading...
 69687 | Vaults:4 | Reached skill level 16 in Armour
 69836 | Vaults:4 | You pick up a book of Armaments and begin reading...
 69968 | Vaults:4 | Reached XP level 26. HP: 314/314 MP: 37/37
 70346 | Vaults:5 | Entered Level 5 of the Vaults
 70355 | Vaults:5 | Reached skill level 17 in Armour
 71233 | Vaults:5 | Noticed an ancient lich
 71244 | Vaults:5 | Reached skill level 18 in Armour
 71252 | Vaults:5 | Killed an ancient lich
 71255 | Vaults:5 | Identified +0 gold dragon scales
 71267 | Vaults:5 | Noticed an ancient lich
 71558 | Vaults:5 | Killed an ancient lich
 71662 | Vaults:5 | Identified the +6 quarterstaff "Vuidueff" {elec, *Slow
                  | rPois Str+5}
 71681 | Vaults:5 | Identified the +0 scale mail of the Furrier {Harm Rampage
                  | rCorr Int-5}
 71713 | Vaults:5 | Reached skill level 19 in Armour
 71884 | Vaults:5 | Identified the +6 hand axe "Zarotz" {antimagic, Int+3}
 71939 | Vaults:5 | Got a silver rune of Zot
 71981 | Vaults:5 | Acquired a manual of Evocations
 72025 | Vaults:5 | K - +0 gold dragon scales {rare}
 72040 | Vaults:4 | You finish taking off your +0 shadow dragon scales {rare}.
 72045 | Vaults:4 | You finish putting on your +0 gold dragon scales {rare}.
 72062 | Vaults:5 | Found Yzanir's Distillery.
 72104 | Vaults:5 | Identified the ring of Femilag {Fire rElec}
 72220 | Vaults:5 | You add the spells Ignite Poison, Sticky Flame and Ignition
                  | to your library.
 72236 | Vaults:5 | Bought 2 potions of cancellation for 176 gold pieces
 72236 | Vaults:5 | Bought a potion of might for 44 gold pieces
 72248 | Vaults:5 | You pick up a book of Conjurations and begin reading...
 72272 | Vaults:5 | You pick up a book of Debilitation and begin reading...
 72592 | Vaults:5 | You pick up a book of the Dragon and begin reading...
 72595 | Vaults:5 | Found the +2 shield of Resistance {rF++ rC++ Will++}
 72799 | Vaults:5 | You pick up a book of the Spheres and begin reading...
 72805 | Vaults:5 | You pick up a book of Decay {forbidden} and begin
                  | reading...
 72813 | Vaults:5 | Got the Directory of the Serac and Sidekicks
 73263 | D:14     | You drop +0 shadow dragon scales {rare}.
 73269 | D:14     | Acquired the scarf "Xirgha" {harm, Rampage rF++ rC- Str+3}
 73292 | D:14     | your +0 gold dragon scales {rare} glow green for a moment.
 73293 | D:14     | your +1 gold dragon scales {rare} glow green for a moment.
 73294 | D:14     | your +2 gold dragon scales {rare} glow green for a moment.
 73295 | D:14     | your +3 gold dragon scales {rare} glow green for a moment.
 73296 | D:14     | your +4 gold dragon scales {rare} glow green for a moment.
 73297 | D:14     | your +5 gold dragon scales {rare} glow green for a moment.
 73298 | D:14     | your +6 gold dragon scales {rare} glow green for a moment.
 73299 | D:14     | your +7 gold dragon scales {rare} glow green for a moment.
 73300 | D:14     | your +8 gold dragon scales {rare} glow green for a moment.
 73301 | D:14     | your +9 gold dragon scales {rare} glow green for a moment.
 73302 | D:14     | Acquired 705 gold pieces
 73871 | Zot:1    | Entered Level 1 of the Realm of Zot
 73871 | Zot:1    | Noticed a juggernaut
 73878 | Zot:1    | Killed a juggernaut
 73893 | Zot:1    | Reached skill level 20 in Armour
 73898 | Zot:1    | Reached skill level 1 in Evocations
 73980 | Zot:1    | Reached skill level 2 in Evocations
 74032 | Zot:1    | Reached XP level 27. HP: 323/323 MP: 37/37
 74035 | Zot:1    | Reached skill level 3 in Evocations
 74039 | Zot:1    | +0 shadow dragon scales {rare}; a shadow dragon corpse
 74078 | Zot:1    | Reached skill level 4 in Evocations
 74281 | Zot:1    | Found a transporter.
 74289 | Zot:1    | Found a transporter.
 74300 | Zot:1    | Reached skill level 5 in Evocations
 74666 | Zot:1    | Found a transporter.
 74668 | Zot:1    | Found a transporter.
 74710 | Zot:1    | Found a transporter.
 74714 | Zot:1    | Reached skill level 6 in Evocations
 74724 | Zot:1    | Found a transporter.
 75089 | Zot:1    | +0 shadow dragon scales {rare}; a shadow dragon skeleton
 75184 | Zot:2    | Reached skill level 16 in Throwing
 75184 | Zot:2    | Reached skill level 7 in Evocations
 75357 | Zot:2    | Reached skill level 8 in Evocations
 75505 | Zot:2    | Identified +9 gold dragon scales
 75505 | Zot:2    | Noticed Parghit
 75508 | Zot:2    | Killed Parghit
 75551 | Zot:2    | 5 large rocks {=fthrowing}; +9 gold dragon scales {rare}
 75551 | Zot:2    | B - +9 gold dragon scales {rare}
 75624 | Zot:2    | Reached skill level 9 in Evocations
 75642 | Zot:2    | your +10 gold dragon scales {rare} glow green for a moment.
 75899 | Zot:2    | Reached skill level 10 in Evocations
 75901 | Zot:2    | Reached skill level 17 in Throwing
 76260 | Zot:2    | quicksilver dragon scales {rare}; a quicksilver dragon
                  | corpse
 76657 | Zot:3    | Noticed an orb of fire
 76666 | Zot:3    | Gained mutation: You sometimes lose the ability to drink
                  | potions when taking damage. [an orb of fire]
 76667 | Zot:3    | Killed an orb of fire
 76718 | Zot:3    | Lost mutation: Your mind is acute. (Int +4, Str/Dex -1)
                  | [potion of mutation]
 76718 | Zot:3    | Lost mutation: You are clumsy. (Dex -2) [potion of
                  | mutation]
 76718 | Zot:3    | Gained mutation: You possess an exceptional clarity of
                  | mind. [potion of mutation]
 76718 | Zot:3    | Gained mutation: Your muscles are strong. (Str +4, Int/Dex
                  | -1) [potion of mutation]
 76719 | Zot:3    | Lost mutation: Your muscles are strong. (Str +4, Int/Dex
                  | -1) [potion of mutation]
 76719 | Zot:3    | Lost mutation: You sometimes lose the ability to drink
                  | potions when taking damage. [potion of mutation]
 76719 | Zot:3    | Lost mutation: You occasionally lose the ability to read
                  | scrolls when taking damage. [potion of mutation]
 76719 | Zot:3    | Gained mutation: You are strong-willed. (Will+) [potion of
                  | mutation]
 76719 | Zot:3    | Gained mutation: You are frail. (-10% HP) [potion of
                  | mutation]
 76719 | Zot:3    | Gained mutation: You have sharp fingernails. [potion of
                  | mutation]
 76720 | Zot:3    | Lost mutation: You possess an exceptional clarity of mind.
                  | [potion of mutation]
 76720 | Zot:3    | Lost mutation: You have sharp fingernails. [potion of
                  | mutation]
 76720 | Zot:3    | Gained mutation: Your magical capacity is low. (-10% MP)
                  | [potion of mutation]
 76720 | Zot:3    | Gained mutation: Your flesh is cold resistant. (rC+)
                  | [potion of mutation]
 76729 | Zot:3    | You fall into a shaft and drop 1 floor!
 76735 | Zot:4    | Reached skill level 18 in Throwing
 77062 | Zot:4    | Noticed an orb of fire
 77076 | Zot:4    | Killed an orb of fire
 77152 | Zot:4    | Reached skill level 19 in Throwing
 77453 | Zot:4    | Noticed a curse toe
 77455 | Zot:4    | Killed a curse toe
 77469 | Zot:4    | Noticed a curse toe
 77470 | Zot:4    | Killed a curse toe
 78049 | Zot:3    | Reached skill level 20 in Throwing
 78051 | Zot:3    | Learned a level 1 spell: Apportation
 78397 | Zot:3    | Identified +0 gold dragon scales
 78447 | Zot:3    | +0 gold dragon scales {rare}; a golden dragon corpse
 78537 | Zot:3    | Reached skill level 11 in Evocations
 78539 | Zot:3    | Noticed a curse toe
 78541 | Zot:3    | Killed a curse toe
 78742 | Zot:3    | You drop +9 gold dragon scales {rare}.
 79179 | Zot:3    | +0 storm dragon scales {rare}; a storm dragon skeleton
 79226 | Zot:3    | +0 gold dragon scales {rare}; a golden dragon skeleton
 79311 | Zot:3    | +0 gold dragon scales {rare}; a golden dragon skeleton
 79352 | Zot:3    | +0 storm dragon scales {rare}; a storm dragon skeleton
 79430 | Zot:3    | +0 gold dragon scales {rare}; a golden dragon skeleton
 79584 | Zot:4    | Found a runed translucent gate.
 79584 | Zot:4    | Found a runed translucent gate.
 79584 | Zot:4    | Found a runed translucent gate.
 79585 | Zot:4    | Noticed Uxisash's ghost (veteran DrIE)
 79585 | Zot:4    | Noticed an ancient lich
 79585 | Zot:4    | Noticed an ancient lich
 79585 | Zot:4    | Noticed an ancient lich
 79586 | Zot:4    | Found an ancient bone altar of Kikubaaqudgha.
 79586 | Zot:4    | Noticed a dread lich
 79614 | Zot:4    | Noticed a curse toe
 79617 | Zot:4    | Killed a curse toe
 79800 | Zot:4    | Killed an ancient lich
 79800 | Zot:4    | Killed an ancient lich
 79801 | Zot:4    | Killed Uxisash's ghost
 79801 | Zot:4    | Killed a dread lich
 79802 | Zot:4    | Reached skill level 12 in Evocations
 79802 | Zot:4    | Killed an ancient lich
 79808 | Zot:4    | You add the spells Borgnjor's Revivification and Death's
                  | Door to your library.
 79808 | Zot:4    | Got Kikubaaqudgha's Compilation of Lamentation {forbidden}
 79812 | Zot:4    | Identified the +2 pair of boots of the Insatiable Priests
                  | {Fly rPois}
 79815 | Zot:4    | Identified the amulet "Owapubos" {Reflect Dex+2 SH+5}
 79827 | Zot:5    | Entered Level 5 of the Realm of Zot
 80066 | Zot:5    | Noticed an ancient lich
 80068 | Zot:5    | Killed an ancient lich
 80168 | Zot:5    | Noticed an electric golem
 80185 | Zot:5    | Noticed a dread lich
 80185 | Zot:5    | Noticed an ancient lich
 80186 | Zot:5    | Killed a dread lich
 80187 | Zot:5    | Reached skill level 23 in Maces & Flails
 80187 | Zot:5    | Killed an ancient lich
 80187 | Zot:5    | Noticed an orb of fire
 80189 | Zot:5    | Killed an orb of fire
 80190 | Zot:5    | Killed an electric golem
 80222 | Zot:5    | Noticed an ancient lich
 80223 | Zot:5    | Killed an ancient lich
 80224 | Zot:5    | Reached skill level 21 in Translocations
 80230 | Zot:5    | Reached skill level 13 in Evocations
 80255 | Zot:5    | Noticed a dread lich
 80259 | Zot:5    | Killed a dread lich
 80273 | Zot:5    | +0 storm dragon scales {rare}; a storm dragon corpse
 80318 | Zot:5    | +0 storm dragon scales {rare}; a storm dragon corpse
 80320 | Zot:5    | +0 storm dragon scales {rare}; a storm dragon corpse
 80334 | Zot:5    | +0 storm dragon scales {rare}; a storm dragon corpse
 80527 | Zot:5    | Noticed an electric golem
 80534 | Zot:5    | Killed an electric golem
 80763 | Zot:5    | Noticed an orb of fire
 80769 | Zot:5    | Killed an orb of fire
 80958 | Zot:5    | Noticed an orb of fire
 80962 | Zot:5    | Killed an orb of fire
 81051 | Zot:5    | a +10 club {mace}; +0 storm dragon scales {rare}; a storm
                  | dragon skeleton
 81107 | Zot:5    | Got the Orb of Zot
 81115 | Zot:5    | Noticed an ancient lich
 81116 | Zot:5    | Noticed an ancient lich
 81116 | Zot:5    | Noticed an ancient lich
 81117 | Zot:5    | Killed an ancient lich
 81120 | Zot:5    | Killed an ancient lich
 81123 | Zot:5    | Killed an ancient lich
 81185 | Zot:5    | a +10 club {mace}; +0 storm dragon scales {rare}; a storm
                  | dragon skeleton
 81299 | Zot:1    | Noticed Ucky the pandemonium lord
 81302 | Zot:1    | Reached skill level 14 in Evocations
 81305 | Zot:1    | Paralysed by Ucky for 1 turns
 81611 | D:13     | Reached skill level 24 in Maces & Flails
 81663 | D:9      | Noticed Bixyuv the pandemonium lord
 81868 | D:$      | Escaped with the Orb!

Vanquished Creatures
  the Royal Jelly (Slime:5)
  5 orbs of fire
  4 dread liches
  12 ancient liches
  A juggernaut (Zot:1)
  Sojobo (Depths:4)
  Vv (Depths:3)
  Parghit (Zot:2)
  the Lernaean hydra (Swamp:4)
  4 Killer Klowns
  4 curse toes
  The ghost of Uxisash the Unforgettable, a veteran DrIE of Hepliaklqana (Zot:4)
  12 golden dragons
  Norris (Vaults:1)
  4 bone dragons
  2 profane servitors
  2 Brimstone Fiends (Zot:1)
  2 electric golems (Zot:5)
  Jorgrun (D:12)
  2 Tzitzimimeh
  Zenata (Crypt:2)
  Rupert (Lair:4)
  26 Orb Guardians
  4 liches
  A walking earthen tome (Depths:2)
  26 tentacled monstrosities
  2 deep elf blademasters (Elf:3)
  2 deep elf master archers (Elf:3)
  8 sphinxes
  5 titans (Vaults:5)
  6 quicksilver dragons
  4 thorn hunters
  24 acid blobs
  17 death cobs
  Frances (Elf:1)
  7 ancient champions
  Agnes (D:14)
  6 tentacled starspawn
  Aizul (Spider:3)
  15 storm dragons
  Kirke (D:13)
  2 daevas
  Donald (Elf:3)
  6 revenants
  6 tengu reavers
  11 shadow dragons
  21 rockslimes
  4 protean progenitors
  2 fenstrider witches
  12 azure jellies
  11 draconian knights
  3 draconian monks
  5 fire giants
  6 frost giants
  14 vault wardens
  5 deep elf sorcerers
  2 iron dragons (Vaults:5)
  A deep elf elementalist (Elf:1)
  3 emperor scorpions
  Louise (D:14)
  5 curse skulls
  12 draconian scorchers
  2 balrugs
  11 draconian shifters
  8 ghost moths
  3 angels (Abyss:4)
  2 orc warlords
  A juggernaut zombie (Crypt:3)
  3 reapers
  4 ghouls
  14 formless jellyfish
  10 quicksilver oozes
  9 draconian stormcallers
  6 cacodemons
  17 ironbound preservers
  4 caustic shrike skeletons
  4 ironbound thunderhulks
  15 stone giants
  10 draconian annihilators
  A broodmother (Spider:2)
  5 very ugly things
  6 vampire knights
  12 deep elf annihilators
  4 eleionomae
  An ophan (Abyss:4)
  13 black draconians
  6 deep elf demonologists
  13 dire elephants
  14 deep elf death magi
  16 green draconians
  2 lorocyprocas
  Azrael (D:14)
  7 bunyips
  17 red draconians
  17 purple draconians
  13 yellow draconians
  11 white draconians
  6 war gargoyles
  5 spark wasps
  5 eidola
  3 crystal guardians (Crypt:3)
  12 jiangshi
  15 ettins
  A shambling mangrove (Swamp:2)
  4 blizzard demons
  A green death (Depths:4)
  4 deep elf high priests
  4 fire dragons
  8 yaktaur captains
  5 entropy weavers
  5 rakshasas
  A peacekeeper (Vaults:4)
  24 hydras
  5 ice dragons
  4 spriggan skeletons
  12 great orbs of eyes
  An ice dragon (shapeshifter) (Vaults:5)
  6 radroaches
  2 spriggan air magi
  31 vault guards
  5 catoblepae
  A death knight (Crypt:1)
  6 alligators
  12 centaur warriors
  39 dancing weapons
  4 deep troll earth magi
  13 boulder beetles
  9 ironbound frosthearts
  A fenstrider witch skeleton (Crypt:2)
  4 ogre magi
  11 two-headed ogres
  3 deep troll shamans (Depths:1)
  5 death yaks (Lair:5)
  A death scarab (Spider:4)
  3 tengu warriors
  5 hell hogs
  An occultist (Abyss:4)
  10 spriggan berserkers
  6 vampire magi
  12 demonic crawlers
  4 orc high priests (Orc:2)
  3 thrashing horrors
  2 titan zombies (Crypt:3)
  19 hell knights
  3 soul eaters
  9 sun demons
  Urug (D:13)
  16 deep elf knights
  5 skysharks
  4 holy swine (Abyss:4)
  2 shadow wraiths
  2 sixfirhies
  5 iron trolls
  7 pharaoh ants
  6 wretched stars (Abyss:2)
  A bunyip zombie (Crypt:3)
  29 skeletal warriors
  3 spatial maelstroms (Abyss:4)
  47 deep trolls
  7 goliath frogs
  Lodul (D:13)
  7 orb spiders
  A mana viper (Abyss:2)
  A flayed ghost (Crypt:1)
  8 spriggan druids
  An anaconda zombie (Crypt:1)
  A golden dragon zombie (Crypt:3)
  5 arcanists
  7 steelbarb worms
  5 glowing orange brains
  8 deep elf archers
  2 shadow demons
  An iron giant skeleton (Crypt:1)
  9 swamp dragons
  10 bog bodies
  7 phantasmal warriors
  A deep troll (shapeshifter) (Vaults:5)
  A steelbarb worm (shapeshifter) (Vaults:5)
  21 large abominations
  11 necromancers
  32 ugly things
  31 deep elf pyromancers
  10 lindwurms
  22 deep elf zephyrmancers
  8 harpies
  5 orc sorcerers
  15 ironbound convokers
  2 golden dragon skeletons
  2 oklob plants (Lair:5)
  9 orc knights
  A wolf spider zombie (D:14)
  2 will-o-the-wisps
  6 shining eyes
  A shining eye (shapeshifter) (Vaults:5)
  22 wolf spiders
  8 cyclopes
  2 worldbinders (Abyss:2)
  4 meliai
  A manticore (shapeshifter) (Elf:2)
  4 manticores
  A jorogumo skeleton (Crypt:2)
  A black mamba (shapeshifter) (Elf:1)
  3 ice statues (IceCv)
  33 moths of wrath
  Joseph (D:8)
  A kobold blastminer (Orc:1)
  3 apocalypse crabs
  3 eyes of devastation
  2 alligator snapping turtle zombies
  4 black mambas
  A guardian serpent (shapeshifter) (Vaults:5)
  A fire giant skeleton (Crypt:2)
  19 vault sentinels
  4 elephants (Lair:3)
  9 smoke demons
  A torpor snail (shapeshifter) (Elf:3)
  9 cane toads
  An eye of devastation (shapeshifter) (Depths:3)
  3 orange demons
  9 torpor snails
  8 centaur zombies (D:14)
  A black draconian zombie (Crypt:2)
  A naga skeleton (Abyss:2)
  An elephant slug zombie (Crypt:1)
  A cane toad (shapeshifter) (Depths:4)
  3 unseen horrors
  An unseen horror (shapeshifter) (Vaults:5)
  A dire elephant skeleton (Abyss:4)
  Maggie (D:8)
  6 rime drakes
  5 efreet
  A grey draconian zombie (Crypt:1)
  24 yaktaurs
  8 komodo dragons
  3 tengu conjurers
  2 freezing wraiths
  5 ancient zymes
  4 polar bears
  2 bloated husks
  6 trolls
  2 hellwings (Abyss:4)
  A queen bee (shapeshifter) (D:15)
  21 tarantellas
  3 harpy zombies
  10 tyrant leeches
  27 hornets
  A tengu simulacrum (Depths:2)
  2 glass eyes
  A hydra skeleton (Abyss:2)
  A raiju (shapeshifter) (Abyss:4)
  13 blink frogs
  12 raiju
  A fire giant simulacrum (Depths:2)
  An iron dragon simulacrum (Crypt:1)
  40 jumping spiders
  A human simulacrum (Vaults:2)
  7 dream sheep (Lair:5)
  2 meliai zombies (D:14)
  A wind drake zombie (Crypt:2)
  4 air elementals
  30 yaks
  3 ynoxinuls
  114 slime creatures
  5 water elementals
  4 shadows
  4 wyverns
  9 culicivoras
  26 spriggans
  7 fire elementals
  A tyrant leech zombie (Crypt:1)
  13 wraiths
  A hog (shapeshifter) (D:13)
  A vampire (D:14)
  4 basilisks
  17 starcursed masses
  A yak (shapeshifter) (Elf:3)
  A human (D:12)
  A black mamba skeleton (Abyss:2)
  2 steam dragons
  3 hogs (D:13)
  10 neqoxecs
  A death yak simulacrum (IceCv)
  A warg (shapeshifter) (D:15)
  56 redbacks
  2 spatial vortices (Abyss:4)
  4 chaos spawn
  17 vampire mosquitoes
  12 swamp worms
  A naga zombie (Crypt:3)
  A harpy simulacrum (IceCv)
  A fire bat zombie (Crypt:2)
  2 hydra simulacra (IceCv)
  19 small abominations
  5 acid dragons
  15 water moccasins
  4 hell hounds
  30 orc warriors
  5 black bears
  9 swamp drakes
  A hornet zombie (D:14)
  37 laughing skulls
  26 ogres
  An ettin simulacrum (Depths:2)
  3 wolves (Lair:5)
  3 boggarts (Vaults:1)
  7 centaurs
  3 phantoms
  4 kobold brigands
  3 weeping skulls
  4 brain worms
  15 bullfrogs
  3 scorpions
  A gnoll sergeant (D:11)
  9 necrophages
  3 earth elementals
  2 cane toad simulacra (IceCv)
  17 wights
  7 jellies
  5 electric eels
  6 howler monkeys
  A bombardier beetle (D:5)
  2 quasits
  24 orc priests
  7 hounds
  A human zombie (Crypt:1)
  A gnoll bouda (D:7)
  An iron imp (Abyss:2)
  2 boggart zombies (D:14)
  3 iguanas
  2 sleepcaps
  37 orc wizards
  A scorpion zombie (Crypt:2)
  2 polar bear simulacra (IceCv)
  A wolf simulacrum (IceCv)
  12 gnolls
  6 adders
  2 shadow imps
  5 white imps
  4 ufetubi (Abyss:2)
  A dart slug (D:1)
  2 ribbon worms
  99 orcs
  9 ball pythons
  6 endoplasms
  7 goblins
  8 hobgoblins
  5 jackals
  3 quokkas
  6 bats
  4 frilled lizards
  A goblin skeleton (Crypt:1)
  21 kobolds
  5 rats
  5 aspiring fleshes
  4 lurking horrors
  3 starspawn tentacles (Abyss:2)
2670 creatures vanquished.

Vanquished Creatures (others)
  2 deep elf zephyrmancers
  A kobold blastminer (Orc:1)
  A slime creature (Slime:4)
  2 humans (D:13)
  A redback (Spider:4)
  A swamp drake (Swamp:4)
  2 foxfires (Abyss:4)
  A starspawn tentacle (Abyss:2)
11 creatures vanquished.

Grand Total: 2681 creatures vanquished

Table legend:
 A = Non-vault XP
 B = Vault XP
 C = Vault XP percentage of total XP
 D = Non-vault monster count
 E = Vault monster count
 F = Vault count percentage of total count
                 A         B        C        D         E       F
            +---------+---------+-------+---------+---------+-------
      Total |  930092 |  766235 |  45.2 |    1703 |     911 |  34.9
            +---------+---------+-------+---------+---------+-------
        D:1 |      40 |       0 |   0.0 |      23 |       0 |   0.0
        D:2 |      46 |       7 |  13.2 |      13 |       4 |  23.5
        D:3 |     181 |       3 |   1.6 |      28 |       2 |   6.7
        D:4 |     339 |       0 |   0.0 |      17 |       0 |   0.0
        D:5 |     526 |     423 |  44.6 |      16 |       6 |  27.3
        D:6 |    2026 |       0 |   0.0 |      43 |       0 |   0.0
        D:7 |    1276 |       0 |   0.0 |      19 |       0 |   0.0
        D:8 |    1463 |    1425 |  49.3 |      24 |       4 |  14.3
        D:9 |     772 |       0 |   0.0 |      15 |       0 |   0.0
       D:10 |    2048 |     418 |  17.0 |      21 |       1 |   4.5
       D:11 |    3886 |    1193 |  23.5 |      23 |       8 |  25.8
       D:12 |    4410 |    2665 |  37.7 |      13 |      18 |  58.1
       D:13 |    6325 |    4475 |  41.4 |      19 |      14 |  42.4
       D:14 |    8376 |   15478 |  64.9 |      23 |      57 |  71.2
       D:15 |    5538 |    7013 |  55.9 |      13 |      12 |  48.0
     Lair:1 |    4036 |     968 |  19.3 |      16 |       5 |  23.8
     Lair:2 |    3651 |    1274 |  25.9 |      13 |       4 |  23.5
     Lair:3 |    5968 |    2320 |  28.0 |      20 |       9 |  31.0
     Lair:4 |    4029 |    2101 |  34.3 |       8 |       6 |  42.9
     Lair:5 |   10163 |   11319 |  52.7 |      29 |      25 |  46.3
    Swamp:1 |   21007 |    4649 |  18.1 |      41 |       6 |  12.8
    Swamp:2 |   14498 |    5055 |  25.9 |      32 |       8 |  20.0
    Swamp:3 |   17289 |       0 |   0.0 |      26 |       0 |   0.0
    Swamp:4 |   10931 |   19514 |  64.1 |      18 |      25 |  58.1
   Spider:1 |   14596 |       0 |   0.0 |      41 |       0 |   0.0
   Spider:2 |   22180 |       0 |   0.0 |      59 |       0 |   0.0
   Spider:3 |   22607 |    6514 |  22.4 |      50 |      20 |  28.6
   Spider:4 |   12500 |   20889 |  62.6 |      27 |      27 |  50.0
    Slime:1 |   17109 |       0 |   0.0 |      27 |       0 |   0.0
    Slime:2 |   20715 |       0 |   0.0 |      32 |       0 |   0.0
    Slime:3 |    6693 |       0 |   0.0 |      16 |       0 |   0.0
    Slime:4 |    8097 |       0 |   0.0 |      16 |       0 |   0.0
    Slime:5 |   13750 |   33872 |  71.1 |      35 |      20 |  36.4
      Orc:1 |    2461 |       0 |   0.0 |      20 |       0 |   0.0
      Orc:2 |    2255 |   10656 |  82.5 |      19 |      66 |  77.6
      Elf:1 |   13289 |   15184 |  53.3 |      23 |      19 |  45.2
      Elf:2 |   14507 |   23509 |  61.8 |      22 |      31 |  58.5
      Elf:3 |   19780 |   32377 |  62.1 |      34 |      29 |  46.0
   Vaults:1 |   20567 |   27670 |  57.4 |      32 |      39 |  54.9
   Vaults:2 |   27291 |   15270 |  35.9 |      40 |      19 |  32.2
   Vaults:3 |   31641 |   17433 |  35.5 |      41 |      23 |  35.9
   Vaults:4 |   17111 |   16555 |  49.2 |      22 |      27 |  55.1
   Vaults:5 |   23523 |   96561 |  80.4 |      35 |      88 |  71.5
    Crypt:1 |   20847 |   30632 |  59.5 |      36 |      26 |  41.9
    Crypt:2 |   37369 |    1918 |   4.9 |      55 |       1 |   1.8
    Crypt:3 |       0 |   51942 | 100.0 |       0 |      73 | 100.0
   Depths:1 |   33689 |   10952 |  24.5 |      43 |      11 |  20.4
   Depths:2 |   29780 |   19718 |  39.8 |      38 |      15 |  28.3
   Depths:3 |    9444 |    3217 |  25.4 |      11 |       1 |   8.3
   Depths:4 |    8841 |   28190 |  76.1 |       8 |      23 |  74.2
      Zot:1 |   36504 |   27374 |  42.9 |      33 |      19 |  36.5
      Zot:2 |   47868 |   24084 |  33.5 |      40 |      19 |  32.2
      Zot:3 |   57867 |   15247 |  20.9 |      44 |      11 |  20.0
      Zot:4 |   65271 |   21363 |  24.7 |      49 |       5 |   9.3
      Zot:5 |   55056 |  107316 |  66.1 |      45 |      41 |  47.7
    Abyss:1 |    1129 |       0 |   0.0 |       3 |       0 |   0.0
    Abyss:2 |   57773 |       0 |   0.0 |     127 |       0 |   0.0
    Abyss:3 |    2514 |       0 |   0.0 |       5 |       0 |   0.0
    Abyss:4 |   26644 |   18561 |  41.1 |      62 |      23 |  27.1
      IceCv |       0 |    3207 | 100.0 |       0 |      14 | 100.0
    Volcano |       0 |    5724 | 100.0 |       0 |       7 | 100.0
            +---------+---------+-------+---------+---------+-------

Skill      XL: |  1  2  3  4  5  6  7  8  9 10 11 12 13 14 15 16 17 18 19 20 21 22 23 24 25 26 27 |
---------------+----------------------------------------------------------------------------------+-----
Fighting       | 3 4 5 7 8 10 14 15 17 20 22 24 27 | 27.0
Maces & Flails | 3 4 5 6 7 11 12 13 15 18 21 22 24 | 24.0
Translocations | 4 7 10 12 13 15 17 18 20 21 | 21.7
Polearms       | 2 |  2.0
Armour         | 6 10 16 20 | 20.0
Dodging        | 6 10 | 10.0
Throwing       | 3 6 10 12 15 20 | 20.0
Spellcasting   | 6 7 10 | 10.0
Invocations    | 5 12 | 12.0
Evocations     | 2 14 | 14.1

Action                     |  1- 3 |  4- 6 |  7- 9 | 10-12 | 13-15 | 16-18 | 19-21 | 22-24 | 25-27 || total
---------------------------+-------+-------+-------+-------+-------+-------+-------+-------+-------++-------
  Melee: Mace              |   109 |    66 |       |       |       |       |       |       |       ||   175
         Headbutt          |     7 |    13 |    57 |   175 |   106 |    70 |    21 |     6 |    57 ||   512
         Punch             |     1 |     1 |     2 |     2 |       |       |       |       |       ||     6
         Spear             |       |    68 |   295 |   118 |       |       |       |       |       ||   481
         Dire flail        |       |       |       |   598 |       |       |       |       |       ||   598
         Giant club        |       |       |       |       |   337 |       |       |       |       ||   337
         Great mace        |       |       |       |       |   565 |  1040 |   128 |       |       ||  1733
         Giant spiked club |       |       |       |       |       |    19 |   867 |  1305 |  1841 ||  4032
  Throw: Boomerang         |       |     7 |       |    19 |     2 |       |       |       |       ||    28
         Dart              |       |    10 |     6 |    27 |     2 |       |       |       |       ||    45
         Large rock        |       |       |       |     5 |     7 |     9 |    41 |    43 |    63 ||   168
         Javelin           |       |       |       |       |       |       |       |       |     1 ||     1
   Cast: Manifold Assault  |       |       |       |    42 |   261 |   524 |   650 |   800 |  1041 ||  3318
         Teleport Other    |       |       |       |    13 |     3 |     3 |     1 |       |       ||    20
         Blink             |       |       |       |     4 |     3 |     3 |     3 |       |     2 ||    15
 Invoke: Brand Weapon With |       |       |       |       |       |       |     1 |       |       ||     1
  Evoke: Wand              |       |       |     1 |     4 |     6 |       |       |     3 |       ||    14
    Use: Scroll            |       |    12 |       |    15 |    10 |    10 |     8 |    12 |    23 ||    90
         Potion            |       |     4 |       |     3 |     2 |     5 |       |     2 |    14 ||    30
   Stab: Sleeping          |       |       |     1 |       |       |       |       |       |       ||     1
 Armour: Robe              |    72 |   101 |    81 |       |    13 |       |       |       |       ||   267
         Steam dragon scal |       |       |   118 |    95 |       |       |       |       |       ||   213
         Acid dragon scale |       |       |       |   190 |    15 |       |       |       |       ||   205
         Troll leather arm |       |       |       |   278 |   571 |   521 |     1 |       |       ||  1371
         Swamp dragon scal |       |       |       |       |       |       |   224 |   155 |       ||   379
         Shadow dragon sca |       |       |       |       |       |       |       |    16 |   218 ||   234
         Gold dragon scale |       |       |       |       |       |       |       |       |   275 ||   275
  Dodge: Dodged            |    52 |    57 |   107 |   286 |   256 |   171 |    80 |    44 |   110 ||  1163

Illustrated notes

Table legend:
 A = Kills in this place as a percentage of kills in the entire game.
 B = Kills by you in this place as a percentage of kills by you in the entire game.
 C = Kills by friends in this place as a percentage of kills by friends in the entire game.
 D = Other kills in this place as a percentage of other kills in the entire game.
 E = Experience gained in this place as a percentage of experience gained in the entire game.
 F = Experience gained in this place divided by the number of levels of this place that you have seen.
                   A       B       C       D       E      F
               +-------+-------+-------+-------+-------+----------------------
         Total | 100.0 | 100.0 |   N/A | 100.0 | 100.0 | 27680.2
       Dungeon |  16.8 |  16.8 |   N/A |   0.0 |   4.5 | 5199.6
          Lair |   5.1 |   5.1 |   N/A |   0.0 |   2.7 | 9165.8
         Swamp |   5.9 |   5.9 |   N/A |   0.0 |   5.4 | 23235.8
   Spider Nest |   8.5 |   8.5 |   N/A |   0.0 |   5.8 | 24821.5
    Slime Pits |   5.6 |   5.5 |   N/A |  33.3 |   5.8 | 20047.2
  Orcish Mines |   4.0 |   4.0 |   N/A |  33.3 |   0.9 | 7686.0
   Elven Halls |   6.0 |   6.0 |   N/A |  33.3 |   6.9 | 39548.7
        Vaults |  13.9 |  13.9 |   N/A |   0.0 |  17.1 | 58724.4
         Crypt |   7.3 |   7.3 |   N/A |   0.0 |   8.3 | 47569.3
        Depths |   5.7 |   5.8 |   N/A |   0.0 |   8.5 | 36454.0
           Zot |  11.9 |  11.9 |   N/A |   0.0 |  27.3 | 93634.2
         Abyss |   8.4 |   8.4 |   N/A |   0.0 |   6.2 | 26655.2
      Ice Cave |   0.5 |   0.5 |   N/A |   0.0 |   0.2 | 3207.0
       Volcano |   0.3 |   0.3 |   N/A |   0.0 |   0.3 | 5724.0
               +-------+-------+-------+-------+-------+----------------------

Table legend: (Time is in decaauts)
 A = Elapsed time spent in this place.
 B = Non-inter-level travel time spent in this place.
 C = Inter-level travel time spent in this place.
 D = Time resting spent in this place.
 E = Time spent auto-exploring this place.
 F = Levels seen in this place.
 G = Mean time per level.
                   A        B        C        D        E       F      G
               +--------+--------+--------+--------+--------+-----+--------+
         Total |  81322 |  69063 |  12259 |  14955 |  38124 |  62 | 1311.6 |
       Dungeon |  23010 |  18183 |   4827 |   4059 |   9852 |  15 | 1534.0 |
        Temple |     16 |      7 |      9 |      0 |      6 |   1 |   16.0 |
          Lair |   8064 |   6765 |   1299 |   1444 |   3526 |   5 | 1612.8 |
         Swamp |   4324 |   3793 |    531 |    767 |   2251 |   4 | 1081.0 |
   Spider Nest |   6409 |   5439 |    970 |   2056 |   1749 |   4 | 1602.2 |
    Slime Pits |   2802 |   2671 |    131 |   1057 |    839 |   5 |  560.4 |
  Orcish Mines |   2374 |   1504 |    870 |    170 |    826 |   2 | 1187.0 |
   Elven Halls |   5534 |   4627 |    907 |    801 |   2928 |   3 | 1844.7 |
        Vaults |  10201 |   8770 |   1431 |   1897 |   5598 |   5 | 2040.2 |
         Crypt |   3776 |   3380 |    396 |    251 |   2631 |   3 | 1258.7 |
        Depths |   4817 |   4406 |    411 |    803 |   2837 |   4 | 1204.2 |
           Zot |   7475 |   7005 |    470 |   1163 |   4637 |   5 | 1495.0 |
         Abyss |   1577 |   1577 |      0 |    122 |    316 |   4 |  394.2 |
      Ice Cave |    351 |    351 |      0 |    151 |      0 |   1 |  351.0 |
       Volcano |    586 |    586 |      0 |    211 |    128 |   1 |  586.0 |
               +--------+--------+--------+--------+--------+-----+--------+

Top non-repeatable levels by time:
    D:11: 3211 daAuts
    D:14: 2733 daAuts
  Lair:3: 2411 daAuts
Vaults:1: 2330 daAuts
Spider:2: 2189 daAuts
    D:12: 2175 daAuts
Vaults:2: 2136 daAuts
Vaults:4: 2043 daAuts
   Elf:1: 2005 daAuts
Vaults:5: 1870 daAuts
    D:13: 1865 daAuts
   Elf:2: 1857 daAuts
 Slime:5: 1843 daAuts
Vaults:3: 1820 daAuts
   Zot:3: 1708 daAuts
